Workbook

Sheet Dados Brutos
A1: Código IBGE 6 | B1: Código IBGE 7 | C1: Municipio | D1: UF | E1: Região | F1: Capital? | G1: População Estimada IBGE 2025 (Data de referência: 13/01/26) | H1: População 2025 sem outliers (teto máximo de 200.000 para pontuação) | I1: IDHM 2010 (vide notas e outliers) | J1: Receita Corrente Bruta 2024 | K1: Receita Corrente Bruta per capita 2024 (valores em branco foram substituídos pela média 8.413) | L1: Receita Corrente Bruta per capita 2024 sem outliers (outliers acima de 14.712,97 e menores que 384,69) | M1: Índice de Vulnerabilidade Institucional dos Conselhos de Direitos da Pessoa com Deficiência - IVIC PCD 2023 | N1: Índice de Capacidade Institucional de Pessoas com Deficiência - ICI PCD 2023
A2: 110001 | B2: 1100015 | C2: Alta Floresta D'Oeste | D2: RO | E2: Norte | F2: Não | G2: 22787 | H2: 22787 | I2: 0.641 | J2: 1.473021e+08 | K2: 6464.304 | L2: 6464.304 | N2: 0
A3: 110002 | B3: 1100023 | C3: Ariquemes | D3: RO | E3: Norte | F3: Não | G3: 109170 | H3: 109170 | I3: 0.702 | J3: 5.3301456e+08 | K3: 4882.427 | L3: 4882.427 | N3: 0.125
A4: 110003 | B4: 1100031 | C4: Cabixi | D4: RO | E4: Norte | F4: Não | G4: 5664 | H4: 5664 | I4: 0.65 | J4: 51344021 | K4: 9064.9754 | L4: 9064.9754 | N4: 0.25
A5: 110004 | B5: 1100049 | C5: Cacoal | D5: RO | E5: Norte | F5: Não | G5: 98280 | H5: 98280 | I5: 0.718 | J5: 4.31095e+08 | K5: 4386.3961 | L5: 4386.3961 | M5: 0.72222222 | N5: 0.375
A6: 110005 | B6: 1100056 | C6: Cerejeiras | D6: RO | E6: Norte | F6: Não | G6: 16966 | H6: 16966 | I6: 0.692 | J6: 1.216614e+08 | K6: 7170.8947 | L6: 7170.8947 | N6: 0.125
A7: 110006 | B7: 1100064 | C7: Colorado do Oeste | D7: RO | E7: Norte | F7: Não | G7: 16508 | H7: 16508 | I7: 0.685 | J7: 1.0270178e+08 | K7: 6221.3339 | L7: 6221.3339 | N7: 0.125
A8: 110007 | B8: 1100072 | C8: Corumbiara | D8: RO | E8: Norte | F8: Não | G8: 7968 | H8: 7968 | I8: 0.613 | J8: 80671276 | K8: 10124.407 | L8: 10124.407 | N8: 0.125
A9: 110008 | B9: 1100080 | C9: Costa Marques | D9: RO | E9: Norte | F9: Não | G9: 13510 | H9: 13510 | I9: 0.611 | J9: 85671425 | K9: 6341.3342 | L9: 6341.3342 | N9: 0.25
A10: 110009 | B10: 1100098 | C10: Espigão D'Oeste | D10: RO | E10: Norte | F10: Não | G10: 32842 | H10: 32842 | I10: 0.672 | J10: 1.5831805e+08 | K10: 4820.5972 | L10: 4820.5972 | N10: 0.125
A11: 110010 | B11: 1100106 | C11: Guajará-Mirim | D11: RO | E11: Norte | F11: Não | G11: 43594 | H11: 43594 | I11: 0.657 | J11: 2.134619e+08 | K11: 4896.5889 | L11: 4896.5889 | N11: 0.375
A12: 110011 | B12: 1100114 | C12: Jaru | D12: RO | E12: Norte | F12: Não | G12: 55682 | H12: 55682 | I12: 0.689 | J12: 3.1168273e+08 | K12: 5597.5491 | L12: 5597.5491 | N12: 0
A13: 110012 | B13: 1100122 | C13: Ji-Paraná | D13: RO | E13: Norte | F13: Não | G13: 140101 | H13: 140101 | I13: 0.714 | J13: 5.7485828e+08 | K13: 4103.1704 | L13: 4103.1704 | M13: 1.0833333 | N13: 0.5
A14: 110013 | B14: 1100130 | C14: Machadinho D'Oeste | D14: RO | E14: Norte | F14: Não | G14: 34149 | H14: 34149 | I14: 0.596 | J14: 1.8815229e+08 | K14: 5509.7453 | L14: 5509.7453 | N14: 0
A15: 110014 | B15: 1100148 | C15: Nova Brasilândia D'Oeste | D15: RO | E15: Norte | F15: Não | G15: 16374 | H15: 16374 | I15: 0.643 | J15: 1.20864e+08 | K15: 7381.4585 | L15: 7381.4585 | N15: 0.25
A16: 110015 | B16: 1100155 | C16: Ouro Preto do Oeste | D16: RO | E16: Norte | F16: Não | G16: 38684 | H16: 38684 | I16: 0.682 | J16: 2.0098713e+08 | K16: 5195.6138 | L16: 5195.6138 | N16: 0.25
A17: 110018 | B17: 1100189 | C17: Pimenta Bueno | D17: RO | E17: Norte | F17: Não | G17: 39220 | H17: 39220 | I17: 0.71 | J17: 2.2170034e+08 | K17: 5652.737 | L17: 5652.737 | N17: 0.125
A18: 110020 | B18: 1100205 | C18: Porto Velho | D18: RO | E18: Norte | F18: Sim | G18: 517709 | H18: 200000 | I18: 0.736 | J18: 2.7553816e+09 | K18: 13776.908 | L18: 13776.908 | N18: 0.125
A19: 110025 | B19: 1100254 | C19: Presidente Médici | D19: RO | E19: Norte | F19: Não | G19: 20443 | H19: 20443 | I19: 0.664 | J19: 1.0608942e+08 | K19: 5189.5233 | L19: 5189.5233 | N19: 0.25
A20: 110026 | B20: 1100262 | C20: Rio Crespo | D20: RO | E20: Norte | F20: Não | G20: 3767 | H20: 3767 | I20: 0.643 | J20: 47739012 | K20: 12672.953 | L20: 12672.953 | N20: 0.25
A21: 110028 | B21: 1100288 | C21: Rolim de Moura | D21: RO | E21: Norte | F21: Não | G21: 62959 | H21: 62959 | I21: 0.7 | J21: 2.991926e+08 | K21: 4752.1816 | L21: 4752.1816 | N21: 0.125
A22: 110029 | B22: 1100296 | C22: Santa Luzia D'Oeste | D22: RO | E22: Norte | F22: Não | G22: 7837 | H22: 7837 | I22: 0.67 | J22: 61881961 | K22: 7896.1288 | L22: 7896.1288 | N22: 0.25
A23: 110030 | B23: 1100304 | C23: Vilhena | D23: RO | E23: Norte | F23: Não | G23: 109651 | H23: 109651 | I23: 0.731 | J23: 6.4654172e+08 | K23: 5896.3596 | L23: 5896.3596 | M23: 1.3888889 | N23: 0.375
A24: 110032 | B24: 1100320 | C24: São Miguel do Guaporé | D24: RO | E24: Norte | F24: Não | G24: 22305 | H24: 22305 | I24: 0.646 | J24: 1.5902265e+08 | K24: 7129.4621 | L24: 7129.4621 | N24: 0.125
A25: 110033 | B25: 1100338 | C25: Nova Mamoré | D25: RO | E25: Norte | F25: Não | G25: 28701 | H25: 28701 | I25: 0.587 | J25: 49025475 | K25: 1708.1452 | L25: 1708.1452 | N25: 0
A26: 110034 | B26: 1100346 | C26: Alvorada D'Oeste | D26: RO | E26: Norte | F26: Não | G26: 13720 | H26: 13720 | I26: 0.643 | J26: 85723074 | K26: 6248.0375 | L26: 6248.0375 | N26: 0.375
A27: 110037 | B27: 1100379 | C27: Alto Alegre dos Parecis | D27: RO | E27: Norte | F27: Não | G27: 12237 | H27: 12237 | I27: 0.592 | J27: 86329698 | K27: 7054.809 | L27: 7054.809 | N27: 0
A28: 110040 | B28: 1100403 | C28: Alto Paraíso | D28: RO | E28: Norte | F28: Não | G28: 17467 | H28: 17467 | I28: 0.625 | J28: 1.0486659e+08 | K28: 6003.6978 | L28: 6003.6978 | N28: 0.125
A29: 110045 | B29: 1100452 | C29: Buritis | D29: RO | E29: Norte | F29: Não | G29: 30649 | H29: 30649 | I29: 0.616 | J29: 1.5827544e+08 | K29: 5164.1305 | L29: 5164.1305 | M29: 0.86111111 | N29: 0.625
A30: 110050 | B30: 1100502 | C30: Novo Horizonte do Oeste | D30: RO | E30: Norte | F30: Não | G30: 7972 | H30: 7972 | I30: 0.634 | J30: 58188821 | K30: 7299.1496 | L30: 7299.1496 | N30: 0
A31: 110060 | B31: 1100601 | C31: Cacaulândia | D31: RO | E31: Norte | F31: Não | G31: 4292 | H31: 4292 | I31: 0.646 | J31: 50910293 | K31: 11861.671 | L31: 11861.671 | N31: 0.375
A32: 110070 | B32: 1100700 | C32: Campo Novo de Rondônia | D32: RO | E32: Norte | F32: Não | G32: 9095 | H32: 9095 | I32: 0.593 | J32: 93107942 | K32: 10237.267 | L32: 10237.267 | N32: 0.125
A33: 110080 | B33: 1100809 | C33: Candeias do Jamari | D33: RO | E33: Norte | F33: Não | G33: 24313 | H33: 24313 | I33: 0.649 | J33: 1.1747618e+08 | K33: 4831.8258 | L33: 4831.8258 | N33: 0.375
A34: 110090 | B34: 1100908 | C34: Castanheiras | D34: RO | E34: Norte | F34: Não | G34: 3450 | H34: 3450 | I34: 0.658 | J34: 39816447 | K34: 11540.999 | L34: 11540.999 | N34: 0.125
A35: 110092 | B35: 1100924 | C35: Chupinguaia | D35: RO | E35: Norte | F35: Não | G35: 10191 | H35: 10191 | I35: 0.652 | J35: 1.0140945e+08 | K35: 9950.8829 | L35: 9950.8829 | N35: 0.125
A36: 110094 | B36: 1100940 | C36: Cujubim | D36: RO | E36: Norte | F36: Não | G36: 15877 | H36: 15877 | I36: 0.612 | J36: 1.4685963e+08 | K36: 9249.8348 | L36: 9249.8348 | N36: 0
A37: 110100 | B37: 1101005 | C37: Governador Jorge Teixeira | D37: RO | E37: Norte | F37: Não | G37: 8340 | H37: 8340 | I37: 0.596 | J37: 65801312 | K37: 7889.8455 | L37: 7889.8455 | N37: 0.125
A38: 110110 | B38: 1101104 | C38: Itapuã do Oeste | D38: RO | E38: Norte | F38: Não | G38: 9228 | H38: 9228 | I38: 0.614 | J38: 69050481 | K38: 7482.7136 | L38: 7482.7136 | N38: 0.25
A39: 110120 | B39: 1101203 | C39: Ministro Andreazza | D39: RO | E39: Norte | F39: Não | G39: 6519 | H39: 6519 | I39: 0.638 | J39: 55009505 | K39: 8438.3349 | L39: 8438.3349 | N39: 0.125
A40: 110130 | B40: 1101302 | C40: Mirante da Serra | D40: RO | E40: Norte | F40: Não | G40: 9657 | H40: 9657 | I40: 0.643 | J40: 61338293 | K40: 6351.6924 | L40: 6351.6924 | N40: 0.125
A41: 110140 | B41: 1101401 | C41: Monte Negro | D41: RO | E41: Norte | F41: Não | G41: 12168 | H41: 12168 | I41: 0.607 | J41: 1.1274513e+08 | K41: 9265.7073 | L41: 9265.7073 | M41: 1.25 | N41: 0.125
A42: 110143 | B42: 1101435 | C42: Nova União | D42: RO | E42: Norte | F42: Não | G42: 6541 | H42: 6541 | I42: 0.587 | J42: 49638736 | K42: 7588.8604 | L42: 7588.8604 | N42: 0.125
A43: 110145 | B43: 1101450 | C43: Parecis | D43: RO | E43: Norte | F43: Não | G43: 4372 | H43: 4372 | I43: 0.617 | J43: 46082876 | K43: 10540.456 | L43: 10540.456 | N43: 0
A44: 110146 | B44: 1101468 | C44: Pimenteiras do Oeste | D44: RO | E44: Norte | F44: Não | G44: 2309 | H44: 2309 | I44: 0.665 | J44: 49339746 | K44: 21368.448 | L44: 14712.97 | N44: 0.125
A45: 110147 | B45: 1101476 | C45: Primavera de Rondônia | D45: RO | E45: Norte | F45: Não | G45: 3268 | H45: 3268 | I45: 0.641 | J45: 34798546 | K45: 10648.27 | L45: 10648.27 | N45: 0.375
A46: 110148 | B46: 1101484 | C46: São Felipe D'Oeste | D46: RO | E46: Norte | F46: Não | G46: 5588 | H46: 5588 | I46: 0.649 | J46: 48296970 | K46: 8642.9796 | L46: 8642.9796 | N46: 0.125
A47: 110149 | B47: 1101492 | C47: São Francisco do Guaporé | D47: RO | E47: Norte | F47: Não | G47: 17557 | H47: 17557 | I47: 0.611 | J47: 1.3336356e+08 | K47: 7596.0337 | L47: 7596.0337 | M47: 2.3333333 | N47: 0.375
A48: 110150 | B48: 1101500 | C48: Seringueiras | D48: RO | E48: Norte | F48: Não | G48: 12965 | H48: 12965 | I48: 0.598 | J48: 87289588 | K48: 6732.7102 | L48: 6732.7102 | N48: 0.125
A49: 110155 | B49: 1101559 | C49: Teixeirópolis | D49: RO | E49: Norte | F49: Não | G49: 4521 | H49: 4521 | I49: 0.643 | J49: 40628657 | K49: 8986.6527 | L49: 8986.6527 | N49: 0.125
A50: 110160 | B50: 1101609 | C50: Theobroma | D50: RO | E50: Norte | F50: Não | G50: 8459 | H50: 8459 | I50: 0.589 | J50: 70107613 | K50: 8287.9316 | L50: 8287.9316 | N50: 0.125
A51: 110170 | B51: 1101708 | C51: Urupá | D51: RO | E51: Norte | F51: Não | G51: 11314 | H51: 11314 | I51: 0.609 | J51: 91658862 | K51: 8101.3667 | L51: 8101.3667 | N51: 0.25
A52: 110175 | B52: 1101757 | C52: Vale do Anari | D52: RO | E52: Norte | F52: Não | G52: 8220 | H52: 8220 | I52: 0.584 | J52: 56830075 | K52: 6913.6344 | L52: 6913.6344 | N52: 0.125
A53: 110180 | B53: 1101807 | C53: Vale do Paraíso | D53: RO | E53: Norte | F53: Não | G53: 6790 | H53: 6790 | I53: 0.627 | J53: 53206847 | K53: 7836.06 | L53: 7836.06 | N53: 0
A54: 120001 | B54: 1200013 | C54: Acrelândia | D54: AC | E54: Norte | F54: Não | G54: 14712 | H54: 14712 | I54: 0.604 | J54: 70271959 | K54: 4776.5062 | L54: 4776.5062 | M54: 1.2777778 | N54: 0.25
A55: 120005 | B55: 1200054 | C55: Assis Brasil | D55: AC | E55: Norte | F55: Não | G55: 8648 | H55: 8648 | I55: 0.588 | J55: 55143703 | K55: 6376.4689 | L55: 6376.4689 | N55: 0.125
A56: 120010 | B56: 1200104 | C56: Brasiléia | D56: AC | E56: Norte | F56: Não | G56: 28028 | H56: 28028 | I56: 0.614 | J56: 1.5012544e+08 | K56: 5356.2665 | L56: 5356.2665 | N56: 0.125
A57: 120013 | B57: 1200138 | C57: Bujari | D57: AC | E57: Norte | F57: Não | G57: 13928 | H57: 13928 | I57: 0.589 | J57: 51709302 | K57: 3712.615 | L57: 3712.615 | N57: 0.125
A58: 120017 | B58: 1200179 | C58: Capixaba | D58: AC | E58: Norte | F58: Não | G58: 10981 | H58: 10981 | I58: 0.575 | J58: 64757920 | K58: 5897.2699 | L58: 5897.2699 | N58: 0
A59: 120020 | B59: 1200203 | C59: Cruzeiro do Sul | D59: AC | E59: Norte | F59: Não | G59: 98916 | H59: 98916 | I59: 0.664 | J59: 4.2175232e+08 | K59: 4263.7422 | L59: 4263.7422 | N59: 0
A60: 120025 | B60: 1200252 | C60: Epitaciolândia | D60: AC | E60: Norte | F60: Não | G60: 19874 | H60: 19874 | I60: 0.653 | J60: 95561773 | K60: 4808.3815 | L60: 4808.3815 | N60: 0.125
A61: 120030 | B61: 1200302 | C61: Feijó | D61: AC | E61: Norte | F61: Não | G61: 37764 | H61: 37764 | I61: 0.539 | J61: 1.167734e+08 | K61: 3092.1884 | L61: 3092.1884 | N61: 0.125
A62: 120032 | B62: 1200328 | C62: Jordão | D62: AC | E62: Norte | F62: Não | G62: 9884 | H62: 9884 | I62: 0.469 | J62: 71516607 | K62: 7235.5935 | L62: 7235.5935 | N62: 0.25
A63: 120033 | B63: 1200336 | C63: Mâncio Lima | D63: AC | E63: Norte | F63: Não | G63: 20479 | H63: 20479 | I63: 0.625 | J63: 97657330 | K63: 4768.6572 | L63: 4768.6572 | N63: 0.125
A64: 120034 | B64: 1200344 | C64: Manoel Urbano | D64: AC | E64: Norte | F64: Não | G64: 12923 | H64: 12923 | I64: 0.551 | J64: 63491513 | K64: 4913.063 | L64: 4913.063 | N64: 0
A65: 120035 | B65: 1200351 | C65: Marechal Thaumaturgo | D65: AC | E65: Norte | F65: Não | G65: 18057 | H65: 18057 | I65: 0.501 | J65: 1.1380421e+08 | K65: 6302.4981 | L65: 6302.4981 | N65: 0
A66: 120038 | B66: 1200385 | C66: Plácido de Castro | D66: AC | E66: Norte | F66: Não | G66: 17107 | H66: 17107 | I66: 0.622 | J66: 78188856 | K66: 4570.5767 | L66: 4570.5767 | N66: 0.125
A67: 120039 | B67: 1200393 | C67: Porto Walter | D67: AC | E67: Norte | F67: Não | G67: 11333 | H67: 11333 | I67: 0.532 | J67: 75138467 | K67: 6630.0598 | L67: 6630.0598 | N67: 0.25
A68: 120040 | B68: 1200401 | C68: Rio Branco | D68: AC | E68: Norte | F68: Sim | G68: 389001 | H68: 200000 | I68: 0.727 | J68: 1.9564962e+09 | K68: 9782.481 | L68: 9782.481 | M68: 0.86111111 | N68: 0.5
A69: 120042 | B69: 1200427 | C69: Rodrigues Alves | D69: AC | E69: Norte | F69: Não | G69: 15560 | H69: 15560 | I69: 0.567 | J69: 1.0508728e+08 | K69: 6753.681 | L69: 6753.681 | N69: 0
A70: 120043 | B70: 1200435 | C70: Santa Rosa do Purus | D70: AC | E70: Norte | F70: Não | G70: 7217 | H70: 7217 | I70: 0.517 | J70: 50092204 | K70: 6940.8624 | L70: 6940.8624 | N70: 0
A71: 120045 | B71: 1200450 | C71: Senador Guiomard | D71: AC | E71: Norte | F71: Não | G71: 22402 | H71: 22402 | I71: 0.64 | J71: 97789121 | K71: 4365.196 | L71: 4365.196 | N71: 0
A72: 120050 | B72: 1200500 | C72: Sena Madureira | D72: AC | E72: Norte | F72: Não | G72: 44049 | H72: 44049 | I72: 0.603 | J72: 2.0545661e+08 | K72: 4664.2742 | L72: 4664.2742 | N72: 0.375
A73: 120060 | B73: 1200609 | C73: Tarauacá | D73: AC | E73: Norte | F73: Não | G73: 46816 | H73: 46816 | I73: 0.539 | J73: 1.730778e+08 | K73: 3696.9797 | L73: 3696.9797 | N73: 0.125
A74: 120070 | B74: 1200708 | C74: Xapuri | D74: AC | E74: Norte | F74: Não | G74: 19170 | H74: 19170 | I74: 0.599 | J74: 81754845 | K74: 4264.7285 | L74: 4264.7285 | M74: 0.25 | N74: 0.125
A75: 120080 | B75: 1200807 | C75: Porto Acre | D75: AC | E75: Norte | F75: Não | G75: 17523 | H75: 17523 | I75: 0.576 | J75: 74800789 | K75: 4268.7205 | L75: 4268.7205 | N75: 0
A76: 130002 | B76: 1300029 | C76: Alvarães | D76: AM | E76: Norte | F76: Não | G76: 16806 | H76: 16806 | I76: 0.527 | J76: 1.4198383e+08 | K76: 8448.4011 | L76: 8448.4011 | N76: 0
A77: 130006 | B77: 1300060 | C77: Amaturá | D77: AM | E77: Norte | F77: Não | G77: 11533 | H77: 11533 | I77: 0.56 | J77: 76585262 | K77: 6640.5326 | L77: 6640.5326 | N77: 0.125
A78: 130008 | B78: 1300086 | C78: Anamã | D78: AM | E78: Norte | F78: Não | G78: 9981 | H78: 9981 | I78: 0.594 | J78: 78928794 | K78: 7907.9044 | L78: 7907.9044 | N78: 0
A79: 130010 | B79: 1300102 | C79: Anori | D79: AM | E79: Norte | F79: Não | G79: 18056 | H79: 18056 | I79: 0.561 | J79: 94517149 | K79: 5234.6671 | L79: 5234.6671 | N79: 0
A80: 130014 | B80: 1300144 | C80: Apuí | D80: AM | E80: Norte | F80: Não | G80: 21781 | H80: 21781 | I80: 0.637 | J80: 92658956 | K80: 4254.1186 | L80: 4254.1186 | N80: 0
A81: 130020 | B81: 1300201 | C81: Atalaia do Norte | D81: AM | E81: Norte | F81: Não | G81: 15889 | H81: 15889 | I81: 0.45 | J81: 1.3274749e+08 | K81: 8354.6788 | L81: 8354.6788 | N81: 0
A82: 130030 | B82: 1300300 | C82: Autazes | D82: AM | E82: Norte | F82: Não | G82: 45960 | H82: 45960 | I82: 0.577 | J82: 2.2037357e+08 | K82: 4794.8993 | L82: 4794.8993 | N82: 0.25
A83: 130040 | B83: 1300409 | C83: Barcelos | D83: AM | E83: Norte | F83: Não | G83: 18210 | H83: 18210 | I83: 0.5 | J83: 1.2286317e+08 | K83: 6747.0164 | L83: 6747.0164 | N83: 0
A84: 130050 | B84: 1300508 | C84: Barreirinha | D84: AM | E84: Norte | F84: Não | G84: 33722 | H84: 33722 | I84: 0.574 | J84: 1.9351592e+08 | K84: 5738.566 | L84: 5738.566 | N84: 0.25
A85: 130060 | B85: 1300607 | C85: Benjamin Constant | D85: AM | E85: Norte | F85: Não | G85: 40908 | H85: 40908 | I85: 0.574 | J85: 2.8062024e+08 | K85: 6859.7887 | L85: 6859.7887 | N85: 0
A86: 130063 | B86: 1300631 | C86: Beruri | D86: AM | E86: Norte | F86: Não | G86: 22495 | H86: 22495 | I86: 0.506 | J86: 1.2141497e+08 | K86: 5397.4203 | L86: 5397.4203 | N86: 0.125
... A94: 130115 | B94: 1301159 | C94: Careiro da Várzea | D94: AM | E94: Norte | F94: Não | G94: 20324 | H94: 20324 | I94: 0.568 | J94: 1.1817064e+08 | K94: 5814.3399 | L94: 5814.3399 | N94: 0.125
A95: 130120 | B95: 1301209 | C95: Coari | D95: AM | E95: Norte | F95: Não | G95: 73576 | H95: 73576 | I95: 0.586 | J95: 6.1719798e+08 | K95: 8388.5776 | L95: 8388.5776 | M95: 1.3888889 | N95: 0.25
A96: 130130 | B96: 1301308 | C96: Codajás | D96: AM | E96: Norte | F96: Não | G96: 24572 | H96: 24572 | I96: 0.563 | J96: 1.2866345e+08 | K96: 5236.1815 | L96: 5236.1815 | N96: 0
A97: 130140 | B97: 1301407 | C97: Eirunepé | D97: AM | E97: Norte | F97: Não | G97: 35793 | H97: 35793 | I97: 0.563 | J97: 1.8488146e+08 | K97: 5165.2966 | L97: 5165.2966 | N97: 0.125
A98: 130150 | B98: 1301506 | C98: Envira | D98: AM | E98: Norte | F98: Não | G98: 17985 | H98: 17985 | I98: 0.509 | J98: 1.0988589e+08 | K98: 6109.8634 | L98: 6109.8634 | N98: 0.125
A99: 130160 | B99: 1301605 | C99: Fonte Boa | D99: AM | E99: Norte | F99: Não | G99: 28227 | H99: 28227 | I99: 0.53 | J99: 1.5984503e+08 | K99: 5662.8415 | L99: 5662.8415 | N99: 0
A100: 130165 | B100: 1301654 | C100: Guajará | D100: AM | E100: Norte | F100: Não | G100: 14344 | H100: 14344 | I100: 0.532 | J100: 85144655 | K100: 5935.9074 | L100: 5935.9074 | N100: 0.125
A101: 130170 | B101: 1301704 | C101: Humaitá | D101: AM | E101: Norte | F101: Não | G101: 63454 | H101: 63454 | I101: 0.605 | J101: 2.9025928e+08 | K101: 4574.3259 | L101: 4574.3259 | N101: 0
A102: 130180 | B102: 1301803 | C102: Ipixuna | D102: AM | E102: Norte | F102: Não | G102: 25629 | H102: 25629 | I102: 0.481 | J102: 1.4100561e+08 | K102: 5501.7991 | L102: 5501.7991 | N102: 0.125
A103: 130185 | B103: 1301852 | C103: Iranduba | D103: AM | E103: Norte | F103: Não | G103: 68862 | H103: 68862 | I103: 0.613 | J103: 2.6349109e+08 | K103: 3826.3641 | L103: 3826.3641 | N103: 0
A104: 130190 | B104: 1301902 | C104: Itacoatiara | D104: AM | E104: Norte | F104: Não | G104: 113917 | H104: 113917 | I104: 0.644 | J104: 5.3083781e+08 | K104: 4659.8647 | L104: 4659.8647 | N104: 0
A105: 130195 | B105: 1301951 | C105: Itamarati | D105: AM | E105: Norte | F105: Não | G105: 11956 | H105: 11956 | I105: 0.477 | J105: 96422046 | K105: 8064.7412 | L105: 8064.7412 | N105: 0
A106: 130200 | B106: 1302009 | C106: Itapiranga | D106: AM | E106: Norte | F106: Não | G106: 10955 | H106: 10955 | I106: 0.654 | J106: 75215296 | K106: 6865.8417 | L106: 6865.8417 | N106: 0
A107: 130210 | B107: 1302108 | C107: Japurá | D107: AM | E107: Norte | F107: Não | G107: 9420 | H107: 9420 | I107: 0.522 | J107: 95375974 | K107: 10124.838 | L107: 10124.838 | N107: 0
...

Sheet Dados Normalizados
A1: Código IBGE 6 | B1: Código IBGE 7 | C1: Municipio | D1: UF | E1: Região | F1: Capital? | G1: População 2025 (outliers acima de 200.000. Total de 158 outliers) | H1: População 2025 normalizada | I1: IDHM 2010 (sem outliers) | J1: IDHM 2010 normalizado | K1: Receita Corrente Bruta per capita 2024 sem outliers (outliers acima de 14.712,97 e menores que 384,69) | L1: Receita municipal per capita normalizada 2024 | M1: Índice de Vulnerabilidade Institucional dos Conselhos de Direitos da Pessoa com Deficiência - IVIC PCD 2023 | N1: Índice de Vulnerabilidade Institucional dos Conselhos de Direitos da Pessoa com Deficiência - IVIC PCD 2023 normalizado (valores em branco substituídos por 0) | O1: Índice de Capacidade Institucional de Pessoas com Deficiência - ICI PCD 2023 | P1: Índice de Capacidade Institucional de Pessoas com Deficiência - ICI PCD 2023 normalizado (valores em branco substituídos por 0) | Q1: Total de Pontos | R1: Posição no Ranking
A2: 330414 | B2: 3304144 | C2: Queimados | D2: RJ | E2: Sudeste | F2: Não | G2: 149135 | H2: =(G2 - MIN(G:G))/(MAX(G:G) - MIN(G:G)) -> 0.74458181 | I2: 0.68 | J2: =(I2 - MIN(I:I))/(MAX(I:I) - MIN(I:I)) -> 0.58823529 | K2: 3798.6878 | L2: =(K2 - MIN(K:K))/(MAX(K:K) - MIN(K:K)) -> 0.2382699 | M2: 2.1666667 | N2: =IF(ISBLANK(M2), 0,(M2 - MIN(M:M))/(MAX(M:M) - MIN(M:M))) -> 0.765625 | O2: 1 | P2: =IF(ISBLANK(O2), 0,(O2 - MIN(O:O))/(MAX(O:O) - MIN(O:O))) -> 1 | Q2: =H2-J2-L2+N2+P2 -> 1.6837016 | R2: 1º
A3: 150010 | B3: 1500107 | C3: Abaetetuba | D3: PA | E3: Norte | F3: Não | G3: 172344 | H3: =(G3 - MIN(G:G))/(MAX(G:G) - MIN(G:G)) -> 0.86112562 | I3: 0.628 | J3: =(I3 - MIN(I:I))/(MAX(I:I) - MIN(I:I)) -> 0.47058824 | K3: 3632.8629 | L3: =(K3 - MIN(K:K))/(MAX(K:K) - MIN(K:K)) -> 0.22669664 | M3: 1.3611111 | N3: =IF(ISBLANK(M3), 0,(M3 - MIN(M:M))/(MAX(M:M) - MIN(M:M))) -> 0.5390625 | O3: 0.875 | P3: =IF(ISBLANK(O3), 0,(O3 - MIN(O:O))/(MAX(O:O) - MIN(O:O))) -> 0.875 | Q3: =H3-J3-L3+N3+P3 -> 1.5779032 | R3: 2º
A4: 260345 | B4: 2603454 | C4: Camaragibe | D4: PE | E4: Nordeste | F4: Não | G4: 156112 | H4: =(G4 - MIN(G:G))/(MAX(G:G) - MIN(G:G)) -> 0.77961676 | I4: 0.692 | J4: =(I4 - MIN(I:I))/(MAX(I:I) - MIN(I:I)) -> 0.61538462 | K4: 3774.6218 | L4: =(K4 - MIN(K:K))/(MAX(K:K) - MIN(K:K)) -> 0.23659028 | M4: 1.6111111 | N4: =IF(ISBLANK(M4), 0,(M4 - MIN(M:M))/(MAX(M:M) - MIN(M:M))) -> 0.609375 | O4: 1 | P4: =IF(ISBLANK(O4), 0,(O4 - MIN(O:O))/(MAX(O:O) - MIN(O:O))) -> 1 | Q4: =H4-J4-L4+N4+P4 -> 1.5370169 | R4: 3º
A5: 211220 | B5: 2112209 | C5: Timon | D5: MA | E5: Nordeste | F5: Não | G5: 182711 | H5: =(G5 - MIN(G:G))/(MAX(G:G) - MIN(G:G)) -> 0.91318343 | I5: 0.649 | J5: =(I5 - MIN(I:I))/(MAX(I:I) - MIN(I:I)) -> 0.51809955 | K5: 4324.7912 | L5: =(K5 - MIN(K:K))/(MAX(K:K) - MIN(K:K)) -> 0.27498773 | M5: 1.3611111 | N5: =IF(ISBLANK(M5), 0,(M5 - MIN(M:M))/(MAX(M:M) - MIN(M:M))) -> 0.5390625 | O5: 0.875 | P5: =IF(ISBLANK(O5), 0,(O5 - MIN(O:O))/(MAX(O:O) - MIN(O:O))) -> 0.875 | Q5: =H5-J5-L5+N5+P5 -> 1.5341586 | R5: 4º
A6: 231290 | B6: 2312908 | C6: Sobral | D6: CE | E6: Nordeste | F6: Não | G6: 200000 | H6: =(G6 - MIN(G:G))/(MAX(G:G) - MIN(G:G)) -> 1 | I6: 0.714 | J6: =(I6 - MIN(I:I))/(MAX(I:I) - MIN(I:I)) -> 0.66515837 | K6: 6804.4424 | L6: =(K6 - MIN(K:K))/(MAX(K:K) - MIN(K:K)) -> 0.44804766 | M6: 1.7222222 | N6: =IF(ISBLANK(M6), 0,(M6 - MIN(M:M))/(MAX(M:M) - MIN(M:M))) -> 0.640625 | O6: 1 | P6: =IF(ISBLANK(O6), 0,(O6 - MIN(O:O))/(MAX(O:O) - MIN(O:O))) -> 1 | Q6: =H6-J6-L6+N6+P6 -> 1.527419 | R6: 5º
A7: 150680 | B7: 1506807 | C7: Santarém | D7: PA | E7: Norte | F7: Não | G7: 200000 | H7: =(G7 - MIN(G:G))/(MAX(G:G) - MIN(G:G)) -> 1 | I7: 0.691 | J7: =(I7 - MIN(I:I))/(MAX(I:I) - MIN(I:I)) -> 0.61312217 | K7: 7440.3249 | L7: =(K7 - MIN(K:K))/(MAX(K:K) - MIN(K:K)) -> 0.4924272 | M7: 1.7222222 | N7: =IF(ISBLANK(M7), 0,(M7 - MIN(M:M))/(MAX(M:M) - MIN(M:M))) -> 0.640625 | O7: 0.875 | P7: =IF(ISBLANK(O7), 0,(O7 - MIN(O:O))/(MAX(O:O) - MIN(O:O))) -> 0.875 | Q7: =H7-J7-L7+N7+P7 -> 1.4100756 | R7: 6º
A8: 351630 | B8: 3516309 | C8: Francisco Morato | D8: SP | E8: Sudeste | F8: Não | G8: 171476 | H8: =(G8 - MIN(G:G))/(MAX(G:G) - MIN(G:G)) -> 0.85676696 | I8: 0.703 | J8: =(I8 - MIN(I:I))/(MAX(I:I) - MIN(I:I)) -> 0.64027149 | K8: 3688.4208 | L8: =(K8 - MIN(K:K))/(MAX(K:K) - MIN(K:K)) -> 0.23057414 | M8: 1.8333333 | N8: =IF(ISBLANK(M8), 0,(M8 - MIN(M:M))/(MAX(M:M) - MIN(M:M))) -> 0.671875 | O8: 0.75 | P8: =IF(ISBLANK(O8), 0,(O8 - MIN(O:O))/(MAX(O:O) - MIN(O:O))) -> 0.75 | Q8: =H8-J8-L8+N8+P8 -> 1.4077963 | R8: 7º
A9: 150420 | B9: 1504208 | C9: Marabá | D9: PA | E9: Norte | F9: Não | G9: 200000 | H9: =(G9 - MIN(G:G))/(MAX(G:G) - MIN(G:G)) -> 1 | I9: 0.668 | J9: =(I9 - MIN(I:I))/(MAX(I:I) - MIN(I:I)) -> 0.56108597 | K9: 8599.4826 | L9: =(K9 - MIN(K:K))/(MAX(K:K) - MIN(K:K)) -> 0.5733272 | M9: 2.25 | N9: =IF(ISBLANK(M9), 0,(M9 - MIN(M:M))/(MAX(M:M) - MIN(M:M))) -> 0.7890625 | O9: 0.75 | P9: =IF(ISBLANK(O9), 0,(O9 - MIN(O:O))/(MAX(O:O) - MIN(O:O))) -> 0.75 | Q9: =H9-J9-L9+N9+P9 -> 1.4046493 | R9: 8º
A10: 410940 | B10: 4109401 | C10: Guarapuava | D10: PR | E10: Sul | F10: Não | G10: 189630 | H10: =(G10 - MIN(G:G))/(MAX(G:G) - MIN(G:G)) -> 0.94792713 | I10: 0.731 | J10: =(I10 - MIN(I:I))/(MAX(I:I) - MIN(I:I)) -> 0.70361991 | K10: 5274.4643 | L10: =(K10 - MIN(K:K))/(MAX(K:K) - MIN(K:K)) -> 0.34126736 | M10: 1.6666667 | N10: =IF(ISBLANK(M10), 0,(M10 - MIN(M:M))/(MAX(M:M) - MIN(M:M))) -> 0.625 | O10: 0.875 | P10: =IF(ISBLANK(O10), 0,(O10 - MIN(O:O))/(MAX(O:O) - MIN(O:O))) -> 0.875 | Q10: =H10-J10-L10+N10+P10 -> 1.4030399 | R10: 9º
A11: 330250 | B11: 3302502 | C11: Magé | D11: RJ | E11: Sudeste | F11: Não | G11: 200000 | H11: =(G11 - MIN(G:G))/(MAX(G:G) - MIN(G:G)) -> 1 | I11: 0.709 | J11: =(I11 - MIN(I:I))/(MAX(I:I) - MIN(I:I)) -> 0.65384615 | K11: 6181.1057 | L11: =(K11 - MIN(K:K))/(MAX(K:K) - MIN(K:K)) -> 0.40454372 | M11: 1.5277778 | N11: =IF(ISBLANK(M11), 0,(M11 - MIN(M:M))/(MAX(M:M) - MIN(M:M))) -> 0.5859375 | O11: 0.875 | P11: =IF(ISBLANK(O11), 0,(O11 - MIN(O:O))/(MAX(O:O) - MIN(O:O))) -> 0.875 | Q11: =H11-J11-L11+N11+P11 -> 1.4025476 | R11: 10º
A12: 260290 | B12: 2602902 | C12: Cabo de Santo Agostinho | D12: PE | E12: Nordeste | F12: Não | G12: 200000 | H12: =(G12 - MIN(G:G))/(MAX(G:G) - MIN(G:G)) -> 1 | I12: 0.686 | J12: =(I12 - MIN(I:I))/(MAX(I:I) - MIN(I:I)) -> 0.60180995 | K12: 6502.832 | L12: =(K12 - MIN(K:K))/(MAX(K:K) - MIN(K:K)) -> 0.42699766 | M12: 1.7222222 | N12: =IF(ISBLANK(M12), 0,(M12 - MIN(M:M))/(MAX(M:M) - MIN(M:M))) -> 0.640625 | O12: 0.75 | P12: =IF(ISBLANK(O12), 0,(O12 - MIN(O:O))/(MAX(O:O) - MIN(O:O))) -> 0.75 | Q12: =H12-J12-L12+N12+P12 -> 1.3618174 | R12: 11º
A13: 230765 | B13: 2307650 | C13: Maracanaú | D13: CE | E13: Nordeste | F13: Não | G13: 200000 | H13: =(G13 - MIN(G:G))/(MAX(G:G) - MIN(G:G)) -> 1 | I13: 0.686 | J13: =(I13 - MIN(I:I))/(MAX(I:I) - MIN(I:I)) -> 0.60180995 | K13: 7178.5983 | L13: =(K13 - MIN(K:K))/(MAX(K:K) - MIN(K:K)) -> 0.47416077 | M13: 1.8333333 | N13: =IF(ISBLANK(M13), 0,(M13 - MIN(M:M))/(MAX(M:M) - MIN(M:M))) -> 0.671875 | O13: 0.75 | P13: =IF(ISBLANK(O13), 0,(O13 - MIN(O:O))/(MAX(O:O) - MIN(O:O))) -> 0.75 | Q13: =H13-J13-L13+N13+P13 -> 1.3459043 | R13: 12º
... A224: 220550 | B224: 2205508 | C224: José de Freitas | D224: PI | E224: Nordeste | F224: Não | G224: 44689 | H224: =(G224 - MIN(G:G))/(MAX(G:G) - MIN(G:G)) -> 0.22010706 | I224: 0.618 | J224: =(I224 - MIN(I:I))/(MAX(I:I) - MIN(I:I)) -> 0.4479638 | K224: 4014.6938 | L224: =(K224 - MIN(K:K))/(MAX(K:K) - MIN(K:K)) -> 0.2533454 | M224: 1.3611111 | N224: =IF(ISBLANK(M224), 0,(M224 - MIN(M:M))/(MAX(M:M) - MIN(M:M))) -> 0.5390625 | O224: 0.5 | P224: =IF(ISBLANK(O224), 0,(O224 - MIN(O:O))/(MAX(O:O) - MIN(O:O))) -> 0.5 | Q224: =H224-J224-L224+N224+P224 -> 0.55786036 | R224: 223º
A225: 291360 | B225: 2913606 | C225: Ilhéus | D225: BA | E225: Nordeste | F225: Não | G225: 189149 | H225: =(G225 - MIN(G:G))/(MAX(G:G) - MIN(G:G)) -> 0.94551179 | I225: 0.69 | J225: =(I225 - MIN(I:I))/(MAX(I:I) - MIN(I:I)) -> 0.61085973 | K225: 4357.1107 | L225: =(K225 - MIN(K:K))/(MAX(K:K) - MIN(K:K)) -> 0.27724338 | N225: =IF(ISBLANK(M225), 0,(M225 - MIN(M:M))/(MAX(M:M) - MIN(M:M))) -> 0 | O225: 0.5 | P225: =IF(ISBLANK(O225), 0,(O225 - MIN(O:O))/(MAX(O:O) - MIN(O:O))) -> 0.5 | Q225: =H225-J225-L225+N225+P225 -> 0.55740869 | R225: 224º
A226: 330227 | B226: 3302270 | C226: Japeri | D226: RJ | E226: Sudeste | F226: Não | G226: 102171 | H226: =(G226 - MIN(G:G))/(MAX(G:G) - MIN(G:G)) -> 0.50875246 | I226: 0.659 | J226: =(I226 - MIN(I:I))/(MAX(I:I) - MIN(I:I)) -> 0.54072398 | K226: 4041.5196 | L226: =(K226 - MIN(K:K))/(MAX(K:K) - MIN(K:K)) -> 0.25521763 | M226: 1.5555556 | N226: =IF(ISBLANK(M226), 0,(M226 - MIN(M:M))/(MAX(M:M) - MIN(M:M))) -> 0.59375 | O226: 0.25 | P226: =IF(ISBLANK(O226), 0,(O226 - MIN(O:O))/(MAX(O:O) - MIN(O:O))) -> 0.25 | Q226: =H226-J226-L226+N226+P226 -> 0.55656085 | R226: 225º
A227: 431850 | B227: 4318507 | C227: São José do Norte | D227: RS | E227: Sul | F227: Não | G227: 26248 | H227: =(G227 - MIN(G:G))/(MAX(G:G) - MIN(G:G)) -> 0.12750572 | I227: 0.623 | J227: =(I227 - MIN(I:I))/(MAX(I:I) - MIN(I:I)) -> 0.45927602 | K227: 5818.5993 | L227: =(K227 - MIN(K:K))/(MAX(K:K) - MIN(K:K)) -> 0.37924366 | M227: 1.7222222 | N227: =IF(ISBLANK(M227), 0,(M227 - MIN(M:M))/(MAX(M:M) - MIN(M:M))) -> 0.640625 | O227: 0.625 | P227: =IF(ISBLANK(O227), 0,(O227 - MIN(O:O))/(MAX(O:O) - MIN(O:O))) -> 0.625 | Q227: =H227-J227-L227+N227+P227 -> 0.55461105 | R227: 226º
A228: 292870 | B228: 2928703 | C228: Santo Antônio de Jesus | D228: BA | E228: Nordeste | F228: Não | G228: 109791 | H228: =(G228 - MIN(G:G))/(MAX(G:G) - MIN(G:G)) -> 0.54701623 | I228: 0.7 | J228: =(I228 - MIN(I:I))/(MAX(I:I) - MIN(I:I)) -> 0.63348416 | K228: 3988.7414 | L228: =(K228 - MIN(K:K))/(MAX(K:K) - MIN(K:K)) -> 0.25153412 | M228: 1.7222222 | N228: =IF(ISBLANK(M228), 0,(M228 - MIN(M:M))/(MAX(M:M) - MIN(M:M))) -> 0.640625 | O228: 0.25 | P228: =IF(ISBLANK(O228), 0,(O228 - MIN(O:O))/(MAX(O:O) - MIN(O:O))) -> 0.25 | Q228: =H228-J228-L228+N228+P228 -> 0.55262294 | R228: 227º
A229: 354390 | B229: 3543907 | C229: Rio Claro | D229: SP | E229: Sudeste | F229: Não | G229: 200000 | H229: =(G229 - MIN(G:G))/(MAX(G:G) - MIN(G:G)) -> 1 | I229: 0.803 | J229: =(I229 - MIN(I:I))/(MAX(I:I) - MIN(I:I)) -> 0.86651584 | K229: 7050.0995 | L229: =(K229 - MIN(K:K))/(MAX(K:K) - MIN(K:K)) -> 0.46519258 | M229: 1.6944444 | N229: =IF(ISBLANK(M229), 0,(M229 - MIN(M:M))/(MAX(M:M) - MIN(M:M))) -> 0.6328125 | O229: 0.25 | P229: =IF(ISBLANK(O229), 0,(O229 - MIN(O:O))/(MAX(O:O) - MIN(O:O))) -> 0.25 | Q229: =H229-J229-L229+N229+P229 -> 0.55110409 | R229: 228º
A230: 432260 | B230: 4322608 | C230: Venâncio Aires | D230: RS | E230: Sul | F230: Não | G230: 70842 | H230: =(G230 - MIN(G:G))/(MAX(G:G) - MIN(G:G)) -> 0.35143414 | I230: 0.712 | J230: =(I230 - MIN(I:I))/(MAX(I:I) - MIN(I:I)) -> 0.66063348 | K230: 6454.9516 | L230: =(K230 - MIN(K:K))/(MAX(K:K) - MIN(K:K)) -> 0.42365599 | M230: 1.3333333 | N230: =IF(ISBLANK(M230), 0,(M230 - MIN(M:M))/(MAX(M:M) - MIN(M:M))) -> 0.53125 | O230: 0.75 | P230: =IF(ISBLANK(O230), 0,(O230 - MIN(O:O))/(MAX(O:O) - MIN(O:O))) -> 0.75 | Q230: =H230-J230-L230+N230+P230 -> 0.54839467 | R230: 229º
A231: 120040 | B231: 1200401 | C231: Rio Branco | D231: AC | E231: Norte | F231: Sim | G231: 200000 | H231: =(G231 - MIN(G:G))/(MAX(G:G) - MIN(G:G)) -> 1 | I231: 0.727 | J231: =(I231 - MIN(I:I))/(MAX(I:I) - MIN(I:I)) -> 0.69457014 | K231: 9782.481 | L231: =(K231 - MIN(K:K))/(MAX(K:K) - MIN(K:K)) -> 0.65589107 | M231: 0.86111111 | N231: =IF(ISBLANK(M231), 0,(M231 - MIN(M:M))/(MAX(M:M) - MIN(M:M))) -> 0.3984375 | O231: 0.5 | P231: =IF(ISBLANK(O231), 0,(O231 - MIN(O:O))/(MAX(O:O) - MIN(O:O))) -> 0.5 | Q231: =H231-J231-L231+N231+P231 -> 0.54797629 | R231: 230º
A232: 354980 | B232: 3549805 | C232: São José do Rio Preto | D232: SP | E232: Sudeste | F232: Não | G232: 200000 | H232: =(G232 - MIN(G:G))/(MAX(G:G) - MIN(G:G)) -> 1 | I232: 0.797 | J232: =(I232 - MIN(I:I))/(MAX(I:I) - MIN(I:I)) -> 0.85294118 | K232: 14712.97 | L232: =(K232 - MIN(K:K))/(MAX(K:K) - MIN(K:K)) -> 1 | M232: 2.1944444 | N232: =IF(ISBLANK(M232), 0,(M232 - MIN(M:M))/(MAX(M:M) - MIN(M:M))) -> 0.7734375 | O232: 0.625 | P232: =IF(ISBLANK(O232), 0,(O232 - MIN(O:O))/(MAX(O:O) - MIN(O:O))) -> 0.625 | Q232: =H232-J232-L232+N232+P232 -> 0.54549632 | R232: 231º
A233: 430300 | B233: 4303004 | C233: Cachoeira do Sul | D233: RS | E233: Sul | F233: Não | G233: 82222 | H233: =(G233 - MIN(G:G))/(MAX(G:G) - MIN(G:G)) -> 0.40857872 | I233: 0.742 | J233: =(I233 - MIN(I:I))/(MAX(I:I) - MIN(I:I)) -> 0.72850679 | K233: 5706.4793 | L233: =(K233 - MIN(K:K))/(MAX(K:K) - MIN(K:K)) -> 0.37141857 | M233: 2.5 | N233: =IF(ISBLANK(M233), 0,(M233 - MIN(M:M))/(MAX(M:M) - MIN(M:M))) -> 0.859375 | O233: 0.375 | P233: =IF(ISBLANK(O233), 0,(O233 - MIN(O:O))/(MAX(O:O) - MIN(O:O))) -> 0.375 | Q233: =H233-J233-L233+N233+P233 -> 0.54302836 | R233: 232º
A234: 421660 | B234: 4216602 | C234: São José | D234: SC | E234: Sul | F234: Não | G234: 200000 | H234: =(G234 - MIN(G:G))/(MAX(G:G) - MIN(G:G)) -> 1 | I234: 0.809 | J234: =(I234 - MIN(I:I))/(MAX(I:I) - MIN(I:I)) -> 0.8800905 | K234: 7124.2239 | L234: =(K234 - MIN(K:K))/(MAX(K:K) - MIN(K:K)) -> 0.47036587 | M234: 1.2777778 | N234: =IF(ISBLANK(M234), 0,(M234 - MIN(M:M))/(MAX(M:M) - MIN(M:M))) -> 0.515625 | O234: 0.375 | P234: =IF(ISBLANK(O234), 0,(O234 - MIN(O:O))/(MAX(O:O) - MIN(O:O))) -> 0.375 | Q234: =H234-J234-L234+N234+P234 -> 0.54016863 | R234: 233º
A235: 316870 | B235: 3168705 | C235: Timóteo | D235: MG | E235: Sudeste | F235: Não | G235: 84172 | H235: =(G235 - MIN(G:G))/(MAX(G:G) - MIN(G:G)) -> 0.41837063 | I235: 0.77 | J235: =(I235 - MIN(I:I))/(MAX(I:I) - MIN(I:I)) -> 0.7918552 | K235: 5476.4196 | L235: =(K235 - MIN(K:K))/(MAX(K:K) - MIN(K:K)) -> 0.35536223 | M235: 1.2777778 | N235: =IF(ISBLANK(M235), 0,(M235 - MIN(M:M))/(MAX(M:M) - MIN(M:M))) -> 0.515625 | O235: 0.75 | P235: =IF(ISBLANK(O235), 0,(O235 - MIN(O:O))/(MAX(O:O) - MIN(O:O))) -> 0.75 | Q235: =H235-J235-L235+N235+P235 -> 0.53677819 | R235: 234º
A236: 320490 | B236: 3204906 | C236: São Mateus | D236: ES | E236: Sudeste | F236: Não | G236: 134423 | H236: =(G236 - MIN(G:G))/(MAX(G:G) - MIN(G:G)) -> 0.67070562 | I236: 0.735 | J236: =(I236 - MIN(I:I))/(MAX(I:I) - MIN(I:I)) -> 0.71266968 | K236: 4586.8531 | L236: =(K236 - MIN(K:K))/(MAX(K:K) - MIN(K:K)) -> 0.29327757 | M236: 0.75 | N236: =IF(ISBLANK(M236), 0,(M236 - MIN(M:M))/(MAX(M:M) - MIN(M:M))) -> 0.3671875 | O236: 0.5 | P236: =IF(ISBLANK(O236), 0,(O236 - MIN(O:O))/(MAX(O:O) - MIN(O:O))) -> 0.5 | Q236: =H236-J236-L236+N236+P236 -> 0.53194587 | R236: 235º
A237: 260530 | B237: 2605301 | C237: Exu | D237: PE | E237: Nordeste | F237: Não | G237: 33486 | H237: =(G237 - MIN(G:G))/(MAX(G:G) - MIN(G:G)) -> 0.16385128 | I237: 0.576 | J237: =(I237 - MIN(I:I))/(MAX(I:I) - MIN(I:I)) -> 0.35294118 | K237: 5071.7029 | L237: =(K237 - MIN(K:K))/(MAX(K:K) - MIN(K:K)) -> 0.32711623 | M237: 1.8333333 | N237: =IF(ISBLANK(M237), 0,(M237 - MIN(M:M))/(MAX(M:M) - MIN(M:M))) -> 0.671875 | O237: 0.375 | P237: =IF(ISBLANK(O237), 0,(O237 - MIN(O:O))/(MAX(O:O) - MIN(O:O))) -> 0.375 | Q237: =H237-J237-L237+N237+P237 -> 0.53066888 | R237: 236º
... A252: 430210 | B252: 4302105 | C252: Bento Gonçalves | D252: RS | E252: Sul | F252: Não | G252: 127977 | H252: =(G252 - MIN(G:G))/(MAX(G:G) - MIN(G:G)) -> 0.63833708 | I252: 0.778 | J252: =(I252 - MIN(I:I))/(MAX(I:I) - MIN(I:I)) -> 0.80995475 | K252: 6358.6134 | L252: =(K252 - MIN(K:K))/(MAX(K:K) - MIN(K:K)) -> 0.41693235 | M252: 1.5833333 | N252: =IF(ISBLANK(M252), 0,(M252 - MIN(M:M))/(MAX(M:M) - MIN(M:M))) -> 0.6015625 | O252: 0.5 | P252: =IF(ISBLANK(O252), 0,(O252 - MIN(O:O))/(MAX(O:O) - MIN(O:O))) -> 0.5 | Q252: =H252-J252-L252+N252+P252 -> 0.51301248 | R252: 251º
A253: 293135 | B253: 2931350 | C253: Teixeira de Freitas | D253: BA | E253: Nordeste | F253: Não | G253: 153738 | H253: =(G253 - MIN(G:G))/(MAX(G:G) - MIN(G:G)) -> 0.76769574 | I253: 0.685 | J253: =(I253 - MIN(I:I))/(MAX(I:I) - MIN(I:I)) -> 0.59954751 | K253: 4426.9745 | L253: =(K253 - MIN(K:K))/(MAX(K:K) - MIN(K:K)) -> 0.28211932 | N253: =IF(ISBLANK(M253), 0,(M253 - MIN(M:M))/(MAX(M:M) - MIN(M:M))) -> 0 | O253: 0.625 | P253: =IF(ISBLANK(O253), 0,(O253 - MIN(O:O))/(MAX(O:O) - MIN(O:O))) -> 0.625 | Q253: =H253-J253-L253+N253+P253 -> 0.51102891 | R253: 252º
A254: 330350 | B254: 3303500 | C254: Nova Iguaçu | D254: RJ | E254: Sudeste | F254: Não | G254: 200000 | H254: =(G254 - MIN(G:G))/(MAX(G:G) - MIN(G:G)) -> 1 | I254: 0.713 | J254: =(I254 - MIN(I:I))/(MAX(I:I) - MIN(I:I)) -> 0.66289593 | K254: 12809.48 | L254: =(K254 - MIN(K:K))/(MAX(K:K) - MIN(K:K)) -> 0.86715155 | M254: 0.91666667 | N254: =IF(ISBLANK(M254), 0,(M254 - MIN(M:M))/(MAX(M:M) - MIN(M:M))) -> 0.4140625 | O254: 0.625 | P254: =IF(ISBLANK(O254), 0,(O254 - MIN(O:O))/(MAX(O:O) - MIN(O:O))) -> 0.625 | Q254: =H254-J254-L254+N254+P254 -> 0.50901502 | R254: 253º
A255: 313520 | B255: 3135209 | C255: Januária | D255: MG | E255: Sudeste | F255: Não | G255: 67123 | H255: =(G255 - MIN(G:G))/(MAX(G:G) - MIN(G:G)) -> 0.33275921 | I255: 0.658 | J255: =(I255 - MIN(I:I))/(MAX(I:I) - MIN(I:I)) -> 0.53846154 | K255: 3960.4019 | L255: =(K255 - MIN(K:K))/(MAX(K:K) - MIN(K:K)) -> 0.24955625 | M255: 1.5277778 | N255: =IF(ISBLANK(M255), 0,(M255 - MIN(M:M))/(MAX(M:M) - MIN(M:M))) -> 0.5859375 | O255: 0.375 | P255: =IF(ISBLANK(O255), 0,(O255 - MIN(O:O))/(MAX(O:O) - MIN(O:O))) -> 0.375 | Q255: =H255-J255-L255+N255+P255 -> 0.50567892 | R255: 254º
A256: 420300 | B256: 4203006 | C256: Caçador | D256: SC | E256: Sul | F256: Não | G256: 76298 | H256: =(G256 - MIN(G:G))/(MAX(G:G) - MIN(G:G)) -> 0.3788314 | I256: 0.735 | J256: =(I256 - MIN(I:I))/(MAX(I:I) - MIN(I:I)) -> 0.71266968 | K256: 5716.9142 | L256: =(K256 - MIN(K:K))/(MAX(K:K) - MIN(K:K)) -> 0.37214685 | M256: 1.5277778 | N256: =IF(ISBLANK(M256), 0,(M256 - MIN(M:M))/(MAX(M:M) - MIN(M:M))) -> 0.5859375 | O256: 0.625 | P256: =IF(ISBLANK(O256), 0,(O256 - MIN(O:O))/(MAX(O:O) - MIN(O:O))) -> 0.625 | Q256: =H256-J256-L256+N256+P256 -> 0.50495237 | R256: 255º
A257: 291920 | B257: 2919207 | C257: Lauro de Freitas | D257: BA | E257: Nordeste | F257: Não | G257: 200000 | H257: =(G257 - MIN(G:G))/(MAX(G:G) - MIN(G:G)) -> 1 | I257: 0.754 | J257: =(I257 - MIN(I:I))/(MAX(I:I) - MIN(I:I)) -> 0.75565611 | K257: 5609.2868 | L257: =(K257 - MIN(K:K))/(MAX(K:K) - MIN(K:K)) -> 0.36463531 | N257: =IF(ISBLANK(M257), 0,(M257 - MIN(M:M))/(MAX(M:M) - MIN(M:M))) -> 0 | O257: 0.625 | P257: =IF(ISBLANK(O257), 0,(O257 - MIN(O:O))/(MAX(O:O) - MIN(O:O))) -> 0.625 | Q257: =H257-J257-L257+N257+P257 -> 0.50470858 | R257: 256º
A258: 311940 | B258: 3119401 | C258: Coronel Fabriciano | D258: MG | E258: Sudeste | F258: Não | G258: 108708 | H258: =(G258 - MIN(G:G))/(MAX(G:G) - MIN(G:G)) -> 0.54157795 | I258: 0.755 | J258: =(I258 - MIN(I:I))/(MAX(I:I) - MIN(I:I)) -> 0.75791855 | K258: 4779.729 | L258: =(K258 - MIN(K:K))/(MAX(K:K) - MIN(K:K)) -> 0.30673877 | M258: 1.3055556 | N258: =IF(ISBLANK(M258), 0,(M258 - MIN(M:M))/(MAX(M:M) - MIN(M:M))) -> 0.5234375 | O258: 0.5 | P258: =IF(ISBLANK(O258), 0,(O258 - MIN(O:O))/(MAX(O:O) - MIN(O:O))) -> 0.5 | Q258: =H258-J258-L258+N258+P258 -> 0.50035813 | R258: 257º
A259: 320150 | B259: 3201506 | C259: Colatina | D259: ES | E259: Sudeste | F259: Não | G259: 129301 | H259: =(G259 - MIN(G:G))/(MAX(G:G) - MIN(G:G)) -> 0.64498554 | I259: 0.746 | J259: =(I259 - MIN(I:I))/(MAX(I:I) - MIN(I:I)) -> 0.73755656 | K259: 6336.7632 | L259: =(K259 - MIN(K:K))/(MAX(K:K) - MIN(K:K)) -> 0.41540738 | M259: 1.6944444 | N259: =IF(ISBLANK(M259), 0,(M259 - MIN(M:M))/(MAX(M:M) - MIN(M:M))) -> 0.6328125 | O259: 0.375 | P259: =IF(ISBLANK(O259), 0,(O259 - MIN(O:O))/(MAX(O:O) - MIN(O:O))) -> 0.375 | Q259: =H259-J259-L259+N259+P259 -> 0.4998341 | R259: 258º
A260: 500830 | B260: 5008305 | C260: Três Lagoas | D260: MS | E260: Centro-Oeste | F260: Não | G260: 143523 | H260: =(G260 - MIN(G:G))/(MAX(G:G) - MIN(G:G)) -> 0.7164012 | I260: 0.744 | J260: =(I260 - MIN(I:I))/(MAX(I:I) - MIN(I:I)) -> 0.73303167 | K260: 8362.1692 | L260: =(K260 - MIN(K:K))/(MAX(K:K) - MIN(K:K)) -> 0.55676461 | M260: 1.4722222 | N260: =IF(ISBLANK(M260), 0,(M260 - MIN(M:M))/(MAX(M:M) - MIN(M:M))) -> 0.5703125 | O260: 0.5 | P260: =IF(ISBLANK(O260), 0,(O260 - MIN(O:O))/(MAX(O:O) - MIN(O:O))) -> 0.5 | Q260: =H260-J260-L260+N260+P260 -> 0.49691742 | R260: 259º
A261: 250460 | B261: 2504603 | C261: Conde | D261: PB | E261: Nordeste | F261: Não | G261: 30007 | H261: =(G261 - MIN(G:G))/(MAX(G:G) - MIN(G:G)) -> 0.14638151 | I261: 0.618 | J261: =(I261 - MIN(I:I))/(MAX(I:I) - MIN(I:I)) -> 0.4479638 | K261: 7546.5844 | L261: =(K261 - MIN(K:K))/(MAX(K:K) - MIN(K:K)) -> 0.49984327 | M261: 1.8333333 | N261: =IF(ISBLANK(M261), 0,(M261 - MIN(M:M))/(MAX(M:M) - MIN(M:M))) -> 0.671875 | O261: 0.625 | P261: =IF(ISBLANK(O261), 0,(O261 - MIN(O:O))/(MAX(O:O) - MIN(O:O))) -> 0.625 | Q261: =H261-J261-L261+N261+P261 -> 0.49544944 | R261: 260º
A262: 350570 | B262: 3505708 | C262: Barueri | D262: SP | E262: Sudeste | F262: Não | G262: 200000 | H262: =(G262 - MIN(G:G))/(MAX(G:G) - MIN(G:G)) -> 1 | I262: 0.786 | J262: =(I262 - MIN(I:I))/(MAX(I:I) - MIN(I:I)) -> 0.8280543 | K262: 14712.97 | L262: =(K262 - MIN(K:K))/(MAX(K:K) - MIN(K:K)) -> 1 | M262: 1.9166667 | N262: =IF(ISBLANK(M262), 0,(M262 - MIN(M:M))/(MAX(M:M) - MIN(M:M))) -> 0.6953125 | O262: 0.625 | P262: =IF(ISBLANK(O262), 0,(O262 - MIN(O:O))/(MAX(O:O) - MIN(O:O))) -> 0.625 | Q262: =H262-J262-L262+N262+P262 -> 0.4922582 | R262: 261º
A263: 330600 | B263: 3306008 | C263: Três Rios | D263: RJ | E263: Sudeste | F263: Não | G263: 82319 | H263: =(G263 - MIN(G:G))/(MAX(G:G) - MIN(G:G)) -> 0.4090658 | I263: 0.725 | J263: =(I263 - MIN(I:I))/(MAX(I:I) - MIN(I:I)) -> 0.69004525 | K263: 7107.8124 | L263: =(K263 - MIN(K:K))/(MAX(K:K) - MIN(K:K)) -> 0.46922048 | M263: 1.1944444 | N263: =IF(ISBLANK(M263), 0,(M263 - MIN(M:M))/(MAX(M:M) - MIN(M:M))) -> 0.4921875 | O263: 0.75 | P263: =IF(ISBLANK(O263), 0,(O263 - MIN(O:O))/(MAX(O:O) - MIN(O:O))) -> 0.75 | Q263: =H263-J263-L263+N263+P263 -> 0.49198758 | R263: 262º
A264: 420130 | B264: 4201307 | C264: Araquari | D264: SC | E264: Sul | F264: Não | G264: 52079 | H264: =(G264 - MIN(G:G))/(MAX(G:G) - MIN(G:G)) -> 0.25721588 | I264: 0.703 | J264: =(I264 - MIN(I:I))/(MAX(I:I) - MIN(I:I)) -> 0.64027149 | K264: 8237.9481 | L264: =(K264 - MIN(K:K))/(MAX(K:K) - MIN(K:K)) -> 0.54809496 | M264: 1.8333333 | N264: =IF(ISBLANK(M264), 0,(M264 - MIN(M:M))/(MAX(M:M) - MIN(M:M))) -> 0.671875 | O264: 0.75 | P264: =IF(ISBLANK(O264), 0,(O264 - MIN(O:O))/(MAX(O:O) - MIN(O:O))) -> 0.75 | Q264: =H264-J264-L264+N264+P264 -> 0.49072443 | R264: 263º
A265: 420890 | B265: 4208906 | C265: Jaraguá do Sul | D265: SC | E265: Sul | F265: Não | G265: 199519 | H265: =(G265 - MIN(G:G))/(MAX(G:G) - MIN(G:G)) -> 0.99758466 | I265: 0.803 | J265: =(I265 - MIN(I:I))/(MAX(I:I) - MIN(I:I)) -> 0.86651584 | K265: 7045.6824 | L265: =(K265 - MIN(K:K))/(MAX(K:K) - MIN(K:K)) -> 0.4648843 | M265: 1.4722222 | N265: =IF(ISBLANK(M265), 0,(M265 - MIN(M:M))/(MAX(M:M) - MIN(M:M))) -> 0.5703125 | O265: 0.25 | P265: =IF(ISBLANK(O265), 0,(O265 - MIN(O:O))/(MAX(O:O) - MIN(O:O))) -> 0.25 | Q265: =H265-J265-L265+N265+P265 -> 0.48649703 | R265: 264º
A266: 352390 | B266: 3523909 | C266: Itu | D266: SP | E266: Sudeste | F266: Não | G266: 175047 | H266: =(G266 - MIN(G:G))/(MAX(G:G) - MIN(G:G)) -> 0.87469871 | I266: 0.773 | J266: =(I266 - MIN(I:I))/(MAX(I:I) - MIN(I:I)) -> 0.79864253 | K266: 7601.019 | L266: =(K266 - MIN(K:K))/(MAX(K:K) - MIN(K:K)) -> 0.50364237 | M266: 1.3611111 | N266: =IF(ISBLANK(M266), 0,(M266 - MIN(M:M))/(MAX(M:M) - MIN(M:M))) -> 0.5390625 | O266: 0.375 | P266: =IF(ISBLANK(O266), 0,(O266 - MIN(O:O))/(MAX(O:O) - MIN(O:O))) -> 0.375 | Q266: =H266-J266-L266+N266+P266 -> 0.4864763 | R266: 265º
A267: 314520 | B267: 3145208 | C267: Nova Serrana | D267: MG | E267: Sudeste | F267: Não | G267: 114791 | H267: =(G267 - MIN(G:G))/(MAX(G:G) - MIN(G:G)) -> 0.57212369 | I267: 0.715 | J267: =(I267 - MIN(I:I))/(MAX(I:I) - MIN(I:I)) -> 0.66742081 | K267: 4713.5001 | L267: =(K267 - MIN(K:K))/(MAX(K:K) - MIN(K:K)) -> 0.30211652 | M267: 1.25 | N267: =IF(ISBLANK(M267), 0,(M267 - MIN(M:M))/(MAX(M:M) - MIN(M:M))) -> 0.5078125 | O267: 0.375 | P267: =IF(ISBLANK(O267), 0,(O267 - MIN(O:O))/(MAX(O:O) - MIN(O:O))) -> 0.375 | Q267: =H267-J267-L267+N267+P267 -> 0.48539886 | R267: 266º
A268: 316990 | B268: 3169901 | C268: Ubá | D268: MG | E268: Sudeste | F268: Não | G268: 107423 | H268: =(G268 - MIN(G:G))/(MAX(G:G) - MIN(G:G)) -> 0.53512534 | I268: 0.724 | J268: =(I268 - MIN(I:I))/(MAX(I:I) - MIN(I:I)) -> 0.68778281 | K268: 5150.5013 | L268: =(K268 - MIN(K:K))/(MAX(K:K) - MIN(K:K)) -> 0.33261573 | M268: 2 | N268: =IF(ISBLANK(M268), 0,(M268 - MIN(M:M))/(MAX(M:M) - MIN(M:M))) -> 0.71875 | O268: 0.25 | P268: =IF(ISBLANK(O268), 0,(O268 - MIN(O:O))/(MAX(O:O) - MIN(O:O))) -> 0.25 | Q268: =H268-J268-L268+N268+P268 -> 0.4834768 | R268: 267º
A269: 231320 | B269: 2313203 | C269: Tamboril | D269: CE | E269: Nordeste | F269: Não | G269: 25287 | H269: =(G269 - MIN(G:G))/(MAX(G:G) - MIN(G:G)) -> 0.12268007 | I269: 0.58 | J269: =(I269 - MIN(I:I))/(MAX(I:I) - MIN(I:I)) -> 0.36199095 | K269: 5949.3554 | L269: =(K269 - MIN(K:K))/(MAX(K:K) - MIN(K:K)) -> 0.38836939 | M269: 0.72222222 | N269: =IF(ISBLANK(M269), 0,(M269 - MIN(M:M))/(MAX(M:M) - MIN(M:M))) -> 0.359375 | O269: 0.75 | P269: =IF(ISBLANK(O269), 0,(O269 - MIN(O:O))/(MAX(O:O) - MIN(O:O))) -> 0.75 | Q269: =H269-J269-L269+N269+P269 -> 0.48169473 | R269: 268º
... A286: 150360 | B286: 1503606 | C286: Itaituba | D286: PA | E286: Norte | F286: Não | G286: 135369 | H286: =(G286 - MIN(G:G))/(MAX(G:G) - MIN(G:G)) -> 0.67545595 | I286: 0.64 | J286: =(I286 - MIN(I:I))/(MAX(I:I) - MIN(I:I)) -> 0.49773756 | K286: 4832.367 | L286: =(K286 - MIN(K:K))/(MAX(K:K) - MIN(K:K)) -> 0.31041249 | M286: 1.1111111 | N286: =IF(ISBLANK(M286), 0,(M286 - MIN(M:M))/(MAX(M:M) - MIN(M:M))) -> 0.46875 | O286: 0.125 | P286: =IF(ISBLANK(O286), 0,(O286 - MIN(O:O))/(MAX(O:O) - MIN(O:O))) -> 0.125 | Q286: =H286-J286-L286+N286+P286 -> 0.46105591 | R286: 285º
A287: 521250 | B287: 5212501 | C287: Luziânia | D287: GO | E287: Centro-Oeste | F287: Não | G287: 200000 | H287: =(G287 - MIN(G:G))/(MAX(G:G) - MIN(G:G)) -> 1 | I287: 0.701 | J287: =(I287 - MIN(I:I))/(MAX(I:I) - MIN(I:I)) -> 0.63574661 | K287: 4376.0397 | L287: =(K287 - MIN(K:K))/(MAX(K:K) - MIN(K:K)) -> 0.27856447 | N287: =IF(ISBLANK(M287), 0,(M287 - MIN(M:M))/(MAX(M:M) - MIN(M:M))) -> 0 | O287: 0.375 | P287: =IF(ISBLANK(O287), 0,(O287 - MIN(O:O))/(MAX(O:O) - MIN(O:O))) -> 0.375 | Q287: =H287-J287-L287+N287+P287 -> 0.46068893 | R287: 286º
A288: 230435 | B288: 2304350 | C288: Forquilha | D288: CE | E288: Nordeste | F288: Não | G288: 25298 | H288: =(G288 - MIN(G:G))/(MAX(G:G) - MIN(G:G)) -> 0.12273531 | I288: 0.644 | J288: =(I288 - MIN(I:I))/(MAX(I:I) - MIN(I:I)) -> 0.50678733 | K288: 5535.6752 | L288: =(K288 - MIN(K:K))/(MAX(K:K) - MIN(K:K)) -> 0.35949781 | M288: 1.9444444 | N288: =IF(ISBLANK(M288), 0,(M288 - MIN(M:M))/(MAX(M:M) - MIN(M:M))) -> 0.703125 | O288: 0.5 | P288: =IF(ISBLANK(O288), 0,(O288 - MIN(O:O))/(MAX(O:O) - MIN(O:O))) -> 0.5 | Q288: =H288-J288-L288+N288+P288 -> 0.45957517 | R288: 287º
A289: 500320 | B289: 5003207 | C289: Corumbá | D289: MS | E289: Centro-Oeste | F289: Não | G289: 98751 | H289: =(G289 - MIN(G:G))/(MAX(G:G) - MIN(G:G)) -> 0.49157896 | I289: 0.7 | J289: =(I289 - MIN(I:I))/(MAX(I:I) - MIN(I:I)) -> 0.63348416 | K289: 9955.2586 | L289: =(K289 - MIN(K:K))/(MAX(K:K) - MIN(K:K)) -> 0.66794958 | M289: 1.7222222 | N289: =IF(ISBLANK(M289), 0,(M289 - MIN(M:M))/(MAX(M:M) - MIN(M:M))) -> 0.640625 | O289: 0.625 | P289: =IF(ISBLANK(O289), 0,(O289 - MIN(O:O))/(MAX(O:O) - MIN(O:O))) -> 0.625 | Q289: =H289-J289-L289+N289+P289 -> 0.45577022 | R289: 288º
A290: 261060 | B290: 2610608 | C290: Paudalho | D290: PE | E290: Nordeste | F290: Não | G290: 59924 | H290: =(G290 - MIN(G:G))/(MAX(G:G) - MIN(G:G)) -> 0.29660949 | I290: 0.639 | J290: =(I290 - MIN(I:I))/(MAX(I:I) - MIN(I:I)) -> 0.49547511 | K290: 4805.9509 | L290: =(K290 - MIN(K:K))/(MAX(K:K) - MIN(K:K)) -> 0.30856885 | M290: 1.5277778 | N290: =IF(ISBLANK(M290), 0,(M290 - MIN(M:M))/(MAX(M:M) - MIN(M:M))) -> 0.5859375 | O290: 0.375 | P290: =IF(ISBLANK(O290), 0,(O290 - MIN(O:O))/(MAX(O:O) - MIN(O:O))) -> 0.375 | Q290: =H290-J290-L290+N290+P290 -> 0.45350302 | R290: 289º
A291: 230640 | B291: 2306405 | C291: Itapipoca | D291: CE | E291: Nordeste | F291: Não | G291: 138978 | H291: =(G291 - MIN(G:G))/(MAX(G:G) - MIN(G:G)) -> 0.69357852 | I291: 0.64 | J291: =(I291 - MIN(I:I))/(MAX(I:I) - MIN(I:I)) -> 0.49773756 | K291: 5663.8967 | L291: =(K291 - MIN(K:K))/(MAX(K:K) - MIN(K:K)) -> 0.36844665 | M291: 0.77777778 | N291: =IF(ISBLANK(M291), 0,(M291 - MIN(M:M))/(MAX(M:M) - MIN(M:M))) -> 0.375 | O291: 0.25 | P291: =IF(ISBLANK(O291), 0,(O291 - MIN(O:O))/(MAX(O:O) - MIN(O:O))) -> 0.25 | Q291: =H291-J291-L291+N291+P291 -> 0.45239431 | R291: 290º
A292: 316720 | B292: 3167202 | C292: Sete Lagoas | D292: MG | E292: Sudeste | F292: Não | G292: 200000 | H292: =(G292 - MIN(G:G))/(MAX(G:G) - MIN(G:G)) -> 1 | I292: 0.76 | J292: =(I292 - MIN(I:I))/(MAX(I:I) - MIN(I:I)) -> 0.76923077 | K292: 6625.2164 | L292: =(K292 - MIN(K:K))/(MAX(K:K) - MIN(K:K)) -> 0.43553912 | M292: 0.44444444 | N292: =IF(ISBLANK(M292), 0,(M292 - MIN(M:M))/(MAX(M:M) - MIN(M:M))) -> 0.28125 | O292: 0.375 | P292: =IF(ISBLANK(O292), 0,(O292 - MIN(O:O))/(MAX(O:O) - MIN(O:O))) -> 0.375 | Q292: =H292-J292-L292+N292+P292 -> 0.45148011 | R292: 291º
A293: 315250 | B293: 3152501 | C293: Pouso Alegre | D293: MG | E293: Sudeste | F293: Não | G293: 162133 | H293: =(G293 - MIN(G:G))/(MAX(G:G) - MIN(G:G)) -> 0.80985116 | I293: 0.774 | J293: =(I293 - MIN(I:I))/(MAX(I:I) - MIN(I:I)) -> 0.80090498 | K293: 7737.0615 | L293: =(K293 - MIN(K:K))/(MAX(K:K) - MIN(K:K)) -> 0.51313706 | M293: 1.9444444 | N293: =IF(ISBLANK(M293), 0,(M293 - MIN(M:M))/(MAX(M:M) - MIN(M:M))) -> 0.703125 | O293: 0.25 | P293: =IF(ISBLANK(O293), 0,(O293 - MIN(O:O))/(MAX(O:O) - MIN(O:O))) -> 0.25 | Q293: =H293-J293-L293+N293+P293 -> 0.44893413 | R293: 292º
A294: 230330 | B294: 2303303 | C294: Cariús | D294: CE | E294: Nordeste | F294: Não | G294: 17277 | H294: =(G294 - MIN(G:G))/(MAX(G:G) - MIN(G:G)) -> 0.08245792 | I294: 0.597 | J294: =(I294 - MIN(I:I))/(MAX(I:I) - MIN(I:I)) -> 0.40045249 | K294: 5740.3623 | L294: =(K294 - MIN(K:K))/(MAX(K:K) - MIN(K:K)) -> 0.37378334 | M294: 1.7222222 | N294: =IF(ISBLANK(M294), 0,(M294 - MIN(M:M))/(MAX(M:M) - MIN(M:M))) -> 0.640625 | O294: 0.5 | P294: =IF(ISBLANK(O294), 0,(O294 - MIN(O:O))/(MAX(O:O) - MIN(O:O))) -> 0.5 | Q294: =H294-J294-L294+N294+P294 -> 0.44884709 | R294: 293º
A295: 291750 | B295: 2917508 | C295: Jacobina | D295: BA | E295: Nordeste | F295: Não | G295: 86896 | H295: =(G295 - MIN(G:G))/(MAX(G:G) - MIN(G:G)) -> 0.43204917 | I295: 0.649 | J295: =(I295 - MIN(I:I))/(MAX(I:I) - MIN(I:I)) -> 0.51809955 | K295: 5070.3475 | L295: =(K295 - MIN(K:K))/(MAX(K:K) - MIN(K:K)) -> 0.32702163 | M295: 0.72222222 | N295: =IF(ISBLANK(M295), 0,(M295 - MIN(M:M))/(MAX(M:M) - MIN(M:M))) -> 0.359375 | O295: 0.5 | P295: =IF(ISBLANK(O295), 0,(O295 - MIN(O:O))/(MAX(O:O) - MIN(O:O))) -> 0.5 | Q295: =H295-J295-L295+N295+P295 -> 0.44630299 | R295: 294º
A296: 350330 | B296: 3503307 | C296: Araras | D296: SP | E296: Sudeste | F296: Não | G296: 135744 | H296: =(G296 - MIN(G:G))/(MAX(G:G) - MIN(G:G)) -> 0.67733901 | I296: 0.781 | J296: =(I296 - MIN(I:I))/(MAX(I:I) - MIN(I:I)) -> 0.81674208 | K296: 6913.5726 | L296: =(K296 - MIN(K:K))/(MAX(K:K) - MIN(K:K)) -> 0.45566408 | M296: 1.3611111 | N296: =IF(ISBLANK(M296), 0,(M296 - MIN(M:M))/(MAX(M:M) - MIN(M:M))) -> 0.5390625 | O296: 0.5 | P296: =IF(ISBLANK(O296), 0,(O296 - MIN(O:O))/(MAX(O:O) - MIN(O:O))) -> 0.5 | Q296: =H296-J296-L296+N296+P296 -> 0.44399535 | R296: 295º
A297: 221060 | B297: 2210607 | C297: São Raimundo Nonato | D297: PI | E297: Nordeste | F297: Não | G297: 41139 | H297: =(G297 - MIN(G:G))/(MAX(G:G) - MIN(G:G)) -> 0.20228076 | I297: 0.661 | J297: =(I297 - MIN(I:I))/(MAX(I:I) - MIN(I:I)) -> 0.54524887 | K297: 4817.9588 | L297: =(K297 - MIN(K:K))/(MAX(K:K) - MIN(K:K)) -> 0.30940691 | M297: 2.4444444 | N297: =IF(ISBLANK(M297), 0,(M297 - MIN(M:M))/(MAX(M:M) - MIN(M:M))) -> 0.84375 | O297: 0.25 | P297: =IF(ISBLANK(O297), 0,(O297 - MIN(O:O))/(MAX(O:O) - MIN(O:O))) -> 0.25 | Q297: =H297-J297-L297+N297+P297 -> 0.44137498 | R297: 296º
A298: 420380 | B298: 4203808 | C298: Canoinhas | D298: SC | E298: Sul | F298: Não | G298: 56948 | H298: =(G298 - MIN(G:G))/(MAX(G:G) - MIN(G:G)) -> 0.28166553 | I298: 0.757 | J298: =(I298 - MIN(I:I))/(MAX(I:I) - MIN(I:I)) -> 0.76244344 | K298: 5320.2296 | L298: =(K298 - MIN(K:K))/(MAX(K:K) - MIN(K:K)) -> 0.34446141 | M298: 2.1666667 | N298: =IF(ISBLANK(M298), 0,(M298 - MIN(M:M))/(MAX(M:M) - MIN(M:M))) -> 0.765625 | O298: 0.5 | P298: =IF(ISBLANK(O298), 0,(O298 - MIN(O:O))/(MAX(O:O) - MIN(O:O))) -> 0.5 | Q298: =H298-J298-L298+N298+P298 -> 0.44038568 | R298: 297º
A299: 412550 | B299: 4125506 | C299: São José dos Pinhais | D299: PR | E299: Sul | F299: Não | G299: 200000 | H299: =(G299 - MIN(G:G))/(MAX(G:G) - MIN(G:G)) -> 1 | I299: 0.758 | J299: =(I299 - MIN(I:I))/(MAX(I:I) - MIN(I:I)) -> 0.76470588 | K299: 11339.496 | L299: =(K299 - MIN(K:K))/(MAX(K:K) - MIN(K:K)) -> 0.76455836 | M299: 0.66666667 | N299: =IF(ISBLANK(M299), 0,(M299 - MIN(M:M))/(MAX(M:M) - MIN(M:M))) -> 0.34375 | O299: 0.625 | P299: =IF(ISBLANK(O299), 0,(O299 - MIN(O:O))/(MAX(O:O) - MIN(O:O))) -> 0.625 | Q299: =H299-J299-L299+N299+P299 -> 0.43948576 | R299: 298º
... A309: 313510 | B309: 3135100 | C309: Janaúba | D309: MG | E309: Sudeste | F309: Não | G309: 73555 | H309: =(G309 - MIN(G:G))/(MAX(G:G) - MIN(G:G)) -> 0.36505745 | I309: 0.696 | J309: =(I309 - MIN(I:I))/(MAX(I:I) - MIN(I:I)) -> 0.62443439 | K309: 5654.3601 | L309: =(K309 - MIN(K:K))/(MAX(K:K) - MIN(K:K)) -> 0.36778107 | M309: 0.97222222 | N309: =IF(ISBLANK(M309), 0,(M309 - MIN(M:M))/(MAX(M:M) - MIN(M:M))) -> 0.4296875 | O309: 0.625 | P309: =IF(ISBLANK(O309), 0,(O309 - MIN(O:O))/(MAX(O:O) - MIN(O:O))) -> 0.625 | Q309: =H309-J309-L309+N309+P309 -> 0.42752949 | R309: 308º
A310: 280480 | B310: 2804805 | C310: Nossa Senhora do Socorro | D310: SE | E310: Nordeste | F310: Não | G310: 200000 | H310: =(G310 - MIN(G:G))/(MAX(G:G) - MIN(G:G)) -> 1 | I310: 0.664 | J310: =(I310 - MIN(I:I))/(MAX(I:I) - MIN(I:I)) -> 0.5520362 | K310: 4317.9319 | L310: =(K310 - MIN(K:K))/(MAX(K:K) - MIN(K:K)) -> 0.27450901 | N310: =IF(ISBLANK(M310), 0,(M310 - MIN(M:M))/(MAX(M:M) - MIN(M:M))) -> 0 | O310: 0.25 | P310: =IF(ISBLANK(O310), 0,(O310 - MIN(O:O))/(MAX(O:O) - MIN(O:O))) -> 0.25 | Q310: =H310-J310-L310+N310+P310 -> 0.42345479 | R310: 309º
A311: 354260 | B311: 3542602 | C311: Registro | D311: SP | E311: Sudeste | F311: Não | G311: 61927 | H311: =(G311 - MIN(G:G))/(MAX(G:G) - MIN(G:G)) -> 0.30666754 | I311: 0.754 | J311: =(I311 - MIN(I:I))/(MAX(I:I) - MIN(I:I)) -> 0.75565611 | K311: 5464.8155 | L311: =(K311 - MIN(K:K))/(MAX(K:K) - MIN(K:K)) -> 0.35455236 | M311: 1.5833333 | N311: =IF(ISBLANK(M311), 0,(M311 - MIN(M:M))/(MAX(M:M) - MIN(M:M))) -> 0.6015625 | O311: 0.625 | P311: =IF(ISBLANK(O311), 0,(O311 - MIN(O:O))/(MAX(O:O) - MIN(O:O))) -> 0.625 | Q311: =H311-J311-L311+N311+P311 -> 0.42302157 | R311: 310º
A312: 315700 | B312: 3157005 | C312: Salinas | D312: MG | E312: Sudeste | F312: Não | G312: 41736 | H312: =(G312 - MIN(G:G))/(MAX(G:G) - MIN(G:G)) -> 0.20527859 | I312: 0.679 | J312: =(I312 - MIN(I:I))/(MAX(I:I) - MIN(I:I)) -> 0.58597285 | K312: 5228.1757 | L312: =(K312 - MIN(K:K))/(MAX(K:K) - MIN(K:K)) -> 0.33803678 | M312: 1.7222222 | N312: =IF(ISBLANK(M312), 0,(M312 - MIN(M:M))/(MAX(M:M) - MIN(M:M))) -> 0.640625 | O312: 0.5 | P312: =IF(ISBLANK(O312), 0,(O312 - MIN(O:O))/(MAX(O:O) - MIN(O:O))) -> 0.5 | Q312: =H312-J312-L312+N312+P312 -> 0.42189396 | R312: 311º
A313: 291600 | B313: 2916005 | C313: Itanhém | D313: BA | E313: Nordeste | F313: Não | G313: 18203 | H313: =(G313 - MIN(G:G))/(MAX(G:G) - MIN(G:G)) -> 0.087107821 | I313: 0.637 | J313: =(I313 - MIN(I:I))/(MAX(I:I) - MIN(I:I)) -> 0.49095023 | K313: 5131.5197 | L313: =(K313 - MIN(K:K))/(MAX(K:K) - MIN(K:K)) -> 0.33129096 | M313: 1.7777778 | N313: =IF(ISBLANK(M313), 0,(M313 - MIN(M:M))/(MAX(M:M) - MIN(M:M))) -> 0.65625 | O313: 0.5 | P313: =IF(ISBLANK(O313), 0,(O313 - MIN(O:O))/(MAX(O:O) - MIN(O:O))) -> 0.5 | Q313: =H313-J313-L313+N313+P313 -> 0.42111663 | R313: 312º
A314: 211107 | B314: 2111078 | C314: São João do Soter | D314: MA | E314: Nordeste | F314: Não | G314: 17253 | H314: =(G314 - MIN(G:G))/(MAX(G:G) - MIN(G:G)) -> 0.082337404 | I314: 0.517 | J314: =(I314 - MIN(I:I))/(MAX(I:I) - MIN(I:I)) -> 0.21945701 | K314: 6754.361 | L314: =(K314 - MIN(K:K))/(MAX(K:K) - MIN(K:K)) -> 0.44455238 | M314: 1.6666667 | N314: =IF(ISBLANK(M314), 0,(M314 - MIN(M:M))/(MAX(M:M) - MIN(M:M))) -> 0.625 | O314: 0.375 | P314: =IF(ISBLANK(O314), 0,(O314 - MIN(O:O))/(MAX(O:O) - MIN(O:O))) -> 0.375 | Q314: =H314-J314-L314+N314+P314 -> 0.41832801 | R314: 313º
A315: 221100 | B315: 2211001 | C315: Teresina | D315: PI | E315: Nordeste | F315: Sim | G315: 200000 | H315: =(G315 - MIN(G:G))/(MAX(G:G) - MIN(G:G)) -> 1 | I315: 0.751 | J315: =(I315 - MIN(I:I))/(MAX(I:I) - MIN(I:I)) -> 0.74886878 | K315: 14712.97 | L315: =(K315 - MIN(K:K))/(MAX(K:K) - MIN(K:K)) -> 1 | M315: 0.47222222 | N315: =IF(ISBLANK(M315), 0,(M315 - MIN(M:M))/(MAX(M:M) - MIN(M:M))) -> 0.2890625 | O315: 0.875 | P315: =IF(ISBLANK(O315), 0,(O315 - MIN(O:O))/(MAX(O:O) - MIN(O:O))) -> 0.875 | Q315: =H315-J315-L315+N315+P315 -> 0.41519372 | R315: 314º
A316: 293050 | B316: 2930501 | C316: Serrinha | D316: BA | E316: Nordeste | F316: Não | G316: 84690 | H316: =(G316 - MIN(G:G))/(MAX(G:G) - MIN(G:G)) -> 0.42097176 | I316: 0.634 | J316: =(I316 - MIN(I:I))/(MAX(I:I) - MIN(I:I)) -> 0.4841629 | K316: 4992.9663 | L316: =(K316 - MIN(K:K))/(MAX(K:K) - MIN(K:K)) -> 0.32162104 | M316: 1.8333333 | N316: =IF(ISBLANK(M316), 0,(M316 - MIN(M:M))/(MAX(M:M) - MIN(M:M))) -> 0.671875 | O316: 0.125 | P316: =IF(ISBLANK(O316), 0,(O316 - MIN(O:O))/(MAX(O:O) - MIN(O:O))) -> 0.125 | Q316: =H316-J316-L316+N316+P316 -> 0.41206282 | R316: 315º
A317: 280350 | B317: 2803500 | C317: Lagarto | D317: SE | E317: Nordeste | F317: Não | G317: 105957 | H317: =(G317 - MIN(G:G))/(MAX(G:G) - MIN(G:G)) -> 0.52776383 | I317: 0.625 | J317: =(I317 - MIN(I:I))/(MAX(I:I) - MIN(I:I)) -> 0.4638009 | K317: 4402.5913 | L317: =(K317 - MIN(K:K))/(MAX(K:K) - MIN(K:K)) -> 0.28041756 | N317: =IF(ISBLANK(M317), 0,(M317 - MIN(M:M))/(MAX(M:M) - MIN(M:M))) -> 0 | O317: 0.625 | P317: =IF(ISBLANK(O317), 0,(O317 - MIN(O:O))/(MAX(O:O) - MIN(O:O))) -> 0.625 | Q317: =H317-J317-L317+N317+P317 -> 0.40854536 | R317: 316º
A318: 510840 | B318: 5108402 | C318: Várzea Grande | D318: MT | E318: Centro-Oeste | F318: Não | G318: 200000 | H318: =(G318 - MIN(G:G))/(MAX(G:G) - MIN(G:G)) -> 1 | I318: 0.734 | J318: =(I318 - MIN(I:I))/(MAX(I:I) - MIN(I:I)) -> 0.71040724 | K318: 7138.5538 | L318: =(K318 - MIN(K:K))/(MAX(K:K) - MIN(K:K)) -> 0.47136598 | M318: 0.63888889 | N318: =IF(ISBLANK(M318), 0,(M318 - MIN(M:M))/(MAX(M:M) - MIN(M:M))) -> 0.3359375 | O318: 0.25 | P318: =IF(ISBLANK(O318), 0,(O318 - MIN(O:O))/(MAX(O:O) - MIN(O:O))) -> 0.25 | Q318: =H318-J318-L318+N318+P318 -> 0.40416428 | R318: 317º
A319: 352210 | B319: 3522109 | C319: Itanhaém | D319: SP | E319: Sudeste | F319: Não | G319: 118495 | H319: =(G319 - MIN(G:G))/(MAX(G:G) - MIN(G:G)) -> 0.5907233 | I319: 0.745 | J319: =(I319 - MIN(I:I))/(MAX(I:I) - MIN(I:I)) -> 0.73529412 | K319: 5962.3755 | L319: =(K319 - MIN(K:K))/(MAX(K:K) - MIN(K:K)) -> 0.38927809 | M319: 1.4444444 | N319: =IF(ISBLANK(M319), 0,(M319 - MIN(M:M))/(MAX(M:M) - MIN(M:M))) -> 0.5625 | O319: 0.375 | P319: =IF(ISBLANK(O319), 0,(O319 - MIN(O:O))/(MAX(O:O) - MIN(O:O))) -> 0.375 | Q319: =H319-J319-L319+N319+P319 -> 0.40365108 | R319: 318º
A320: 315200 | B320: 3152006 | C320: Pompéu | D320: MG | E320: Sudeste | F320: Não | G320: 32441 | H320: =(G320 - MIN(G:G))/(MAX(G:G) - MIN(G:G)) -> 0.15860382 | I320: 0.689 | J320: =(I320 - MIN(I:I))/(MAX(I:I) - MIN(I:I)) -> 0.60859729 | K320: 5406.8231 | L320: =(K320 - MIN(K:K))/(MAX(K:K) - MIN(K:K)) -> 0.35050495 | M320: 1.9444444 | N320: =IF(ISBLANK(M320), 0,(M320 - MIN(M:M))/(MAX(M:M) - MIN(M:M))) -> 0.703125 | O320: 0.5 | P320: =IF(ISBLANK(O320), 0,(O320 - MIN(O:O))/(MAX(O:O) - MIN(O:O))) -> 0.5 | Q320: =H320-J320-L320+N320+P320 -> 0.40262659 | R320: 319º
A321: 350960 | B321: 3509601 | C321: Campo Limpo Paulista | D321: SP | E321: Sudeste | F321: Não | G321: 79781 | H321: =(G321 - MIN(G:G))/(MAX(G:G) - MIN(G:G)) -> 0.39632125 | I321: 0.769 | J321: =(I321 - MIN(I:I))/(MAX(I:I) - MIN(I:I)) -> 0.78959276 | K321: 5230.6969 | L321: =(K321 - MIN(K:K))/(MAX(K:K) - MIN(K:K)) -> 0.33821275 | M321: 1.6944444 | N321: =IF(ISBLANK(M321), 0,(M321 - MIN(M:M))/(MAX(M:M) - MIN(M:M))) -> 0.6328125 | O321: 0.5 | P321: =IF(ISBLANK(O321), 0,(O321 - MIN(O:O))/(MAX(O:O) - MIN(O:O))) -> 0.5 | Q321: =H321-J321-L321+N321+P321 -> 0.40132825 | R321: 320º
A322: 261300 | B322: 2613008 | C322: São Bento do Una | D322: PE | E322: Nordeste | F322: Não | G322: 51165 | H322: =(G322 - MIN(G:G))/(MAX(G:G) - MIN(G:G)) -> 0.25262624 | I322: 0.593 | J322: =(I322 - MIN(I:I))/(MAX(I:I) - MIN(I:I)) -> 0.39140271 | K322: 4624.0647 | L322: =(K322 - MIN(K:K))/(MAX(K:K) - MIN(K:K)) -> 0.29587464 | M322: 1.0833333 | N322: =IF(ISBLANK(M322), 0,(M322 - MIN(M:M))/(MAX(M:M) - MIN(M:M))) -> 0.4609375 | O322: 0.375 | P322: =IF(ISBLANK(O322), 0,(O322 - MIN(O:O))/(MAX(O:O) - MIN(O:O))) -> 0.375 | Q322: =H322-J322-L322+N322+P322 -> 0.40128639 | R322: 321º
A323: 354730 | B323: 3547304 | C323: Santana de Parnaíba | D323: SP | E323: Sudeste | F323: Não | G323: 163787 | H323: =(G323 - MIN(G:G))/(MAX(G:G) - MIN(G:G)) -> 0.81815671 | I323: 0.814 | J323: =(I323 - MIN(I:I))/(MAX(I:I) - MIN(I:I)) -> 0.89140271 | K323: 11061.038 | L323: =(K323 - MIN(K:K))/(MAX(K:K) - MIN(K:K)) -> 0.74512416 | M323: 1.5555556 | N323: =IF(ISBLANK(M323), 0,(M323 - MIN(M:M))/(MAX(M:M) - MIN(M:M))) -> 0.59375 | O323: 0.625 | P323: =IF(ISBLANK(O323), 0,(O323 - MIN(O:O))/(MAX(O:O) - MIN(O:O))) -> 0.625 | Q323: =H323-J323-L323+N323+P323 -> 0.40037984 | R323: 322º
A324: 261530 | B324: 2615300 | C324: Timbaúba | D324: PE | E324: Nordeste | F324: Não | G324: 47312 | H324: =(G324 - MIN(G:G))/(MAX(G:G) - MIN(G:G)) -> 0.23327843 | I324: 0.618 | J324: =(I324 - MIN(I:I))/(MAX(I:I) - MIN(I:I)) -> 0.4479638 | K324: 5035.2781 | L324: =(K324 - MIN(K:K))/(MAX(K:K) - MIN(K:K)) -> 0.32457407 | M324: 1 | N324: =IF(ISBLANK(M324), 0,(M324 - MIN(M:M))/(MAX(M:M) - MIN(M:M))) -> 0.4375 | O324: 0.5 | P324: =IF(ISBLANK(O324), 0,(O324 - MIN(O:O))/(MAX(O:O) - MIN(O:O))) -> 0.5 | Q324: =H324-J324-L324+N324+P324 -> 0.39824056 | R324: 323º
A325: 220390 | B325: 2203909 | C325: Floriano | D325: PI | E325: Nordeste | F325: Não | G325: 64393 | H325: =(G325 - MIN(G:G))/(MAX(G:G) - MIN(G:G)) -> 0.31905054 | I325: 0.7 | J325: =(I325 - MIN(I:I))/(MAX(I:I) - MIN(I:I)) -> 0.63348416 | K325: 5061.687 | L325: =(K325 - MIN(K:K))/(MAX(K:K) - MIN(K:K)) -> 0.32641719 | M325: 1.8055556 | N325: =IF(ISBLANK(M325), 0,(M325 - MIN(M:M))/(MAX(M:M) - MIN(M:M))) -> 0.6640625 | O325: 0.375 | P325: =IF(ISBLANK(O325), 0,(O325 - MIN(O:O))/(MAX(O:O) - MIN(O:O))) -> 0.375 | Q325: =H325-J325-L325+N325+P325 -> 0.39821168 | R325: 324º
A326: 250150 | B326: 2501500 | C326: Bananeiras | D326: PB | E326: Nordeste | F326: Não | G326: 24134 | H326: =(G326 - MIN(G:G))/(MAX(G:G) - MIN(G:G)) -> 0.11689029 | I326: 0.568 | J326: =(I326 - MIN(I:I))/(MAX(I:I) - MIN(I:I)) -> 0.33484163 | K326: 4990.5727 | L326: =(K326 - MIN(K:K))/(MAX(K:K) - MIN(K:K)) -> 0.32145399 | M326: 1.4444444 | N326: =IF(ISBLANK(M326), 0,(M326 - MIN(M:M))/(MAX(M:M) - MIN(M:M))) -> 0.5625 | O326: 0.375 | P326: =IF(ISBLANK(O326), 0,(O326 - MIN(O:O))/(MAX(O:O) - MIN(O:O))) -> 0.375 | Q326: =H326-J326-L326+N326+P326 -> 0.39809468 | R326: 325º
A327: 220800 | B327: 2208007 | C327: Picos | D327: PI | E327: Nordeste | F327: Não | G327: 86701 | H327: =(G327 - MIN(G:G))/(MAX(G:G) - MIN(G:G)) -> 0.43106998 | I327: 0.698 | J327: =(I327 - MIN(I:I))/(MAX(I:I) - MIN(I:I)) -> 0.62895928 | K327: 4509.4227 | L327: =(K327 - MIN(K:K))/(MAX(K:K) - MIN(K:K)) -> 0.28787354 | M327: 1.25 | N327: =IF(ISBLANK(M327), 0,(M327 - MIN(M:M))/(MAX(M:M) - MIN(M:M))) -> 0.5078125 | O327: 0.375 | P327: =IF(ISBLANK(O327), 0,(O327 - MIN(O:O))/(MAX(O:O) - MIN(O:O))) -> 0.375 | Q327: =H327-J327-L327+N327+P327 -> 0.39704966 | R327: 326º
A328: 431600 | B328: 4316006 | C328: Rolante | D328: RS | E328: Sul | F328: Não | G328: 21752 | H328: =(G328 - MIN(G:G))/(MAX(G:G) - MIN(G:G)) -> 0.1049291 | I328: 0.688 | J328: =(I328 - MIN(I:I))/(MAX(I:I) - MIN(I:I)) -> 0.60633484 | K328: 6542.4484 | L328: =(K328 - MIN(K:K))/(MAX(K:K) - MIN(K:K)) -> 0.42976257 | M328: 1.9444444 | N328: =IF(ISBLANK(M328), 0,(M328 - MIN(M:M))/(MAX(M:M) - MIN(M:M))) -> 0.703125 | O328: 0.625 | P328: =IF(ISBLANK(O328), 0,(O328 - MIN(O:O))/(MAX(O:O) - MIN(O:O))) -> 0.625 | Q328: =H328-J328-L328+N328+P328 -> 0.39695669 | R328: 327º
A329: 330170 | B329: 3301702 | C329: Duque de Caxias | D329: RJ | E329: Sudeste | F329: Não | G329: 200000 | H329: =(G329 - MIN(G:G))/(MAX(G:G) - MIN(G:G)) -> 1 | I329: 0.711 | J329: =(I329 - MIN(I:I))/(MAX(I:I) - MIN(I:I)) -> 0.65837104 | K329: 14712.97 | L329: =(K329 - MIN(K:K))/(MAX(K:K) - MIN(K:K)) -> 1 | M329: 1.4166667 | N329: =IF(ISBLANK(M329), 0,(M329 - MIN(M:M))/(MAX(M:M) - MIN(M:M))) -> 0.5546875 | O329: 0.5 | P329: =IF(ISBLANK(O329), 0,(O329 - MIN(O:O))/(MAX(O:O) - MIN(O:O))) -> 0.5 | Q329: =H329-J329-L329+N329+P329 -> 0.39631646 | R329: 328º
... A333: 290630 | B333: 2906303 | C333: Canavieiras | D333: BA | E333: Nordeste | F333: Não | G333: 34392 | H333: =(G333 - MIN(G:G))/(MAX(G:G) - MIN(G:G)) -> 0.16840076 | I333: 0.59 | J333: =(I333 - MIN(I:I))/(MAX(I:I) - MIN(I:I)) -> 0.38461538 | K333: 4097.2366 | L333: =(K333 - MIN(K:K))/(MAX(K:K) - MIN(K:K)) -> 0.25910623 | M333: 1.6388889 | N333: =IF(ISBLANK(M333), 0,(M333 - MIN(M:M))/(MAX(M:M) - MIN(M:M))) -> 0.6171875 | O333: 0.25 | P333: =IF(ISBLANK(O333), 0,(O333 - MIN(O:O))/(MAX(O:O) - MIN(O:O))) -> 0.25 | Q333: =H333-J333-L333+N333+P333 -> 0.39186664 | R333: 332º
A334: 312980 | B334: 3129806 | C334: Ibirité | D334: MG | E334: Sudeste | F334: Não | G334: 179582 | H334: =(G334 - MIN(G:G))/(MAX(G:G) - MIN(G:G)) -> 0.89747118 | I334: 0.704 | J334: =(I334 - MIN(I:I))/(MAX(I:I) - MIN(I:I)) -> 0.64253394 | K334: 3823.4306 | L334: =(K334 - MIN(K:K))/(MAX(K:K) - MIN(K:K)) -> 0.23999675 | N334: =IF(ISBLANK(M334), 0,(M334 - MIN(M:M))/(MAX(M:M) - MIN(M:M))) -> 0 | O334: 0.375 | P334: =IF(ISBLANK(O334), 0,(O334 - MIN(O:O))/(MAX(O:O) - MIN(O:O))) -> 0.375 | Q334: =H334-J334-L334+N334+P334 -> 0.38994049 | R334: 333º
A335: 270930 | B335: 2709301 | C335: União dos Palmares | D335: AL | E335: Nordeste | F335: Não | G335: 60860 | H335: =(G335 - MIN(G:G))/(MAX(G:G) - MIN(G:G)) -> 0.30130961 | I335: 0.593 | J335: =(I335 - MIN(I:I))/(MAX(I:I) - MIN(I:I)) -> 0.39140271 | K335: 5756.6166 | L335: =(K335 - MIN(K:K))/(MAX(K:K) - MIN(K:K)) -> 0.37491775 | M335: 1.1388889 | N335: =IF(ISBLANK(M335), 0,(M335 - MIN(M:M))/(MAX(M:M) - MIN(M:M))) -> 0.4765625 | O335: 0.375 | P335: =IF(ISBLANK(O335), 0,(O335 - MIN(O:O))/(MAX(O:O) - MIN(O:O))) -> 0.375 | Q335: =H335-J335-L335+N335+P335 -> 0.38655164 | R335: 334º
A336: 250270 | B336: 2502706 | C336: Borborema | D336: PB | E336: Nordeste | F336: Não | G336: 4185 | H336: =(G336 - MIN(G:G))/(MAX(G:G) - MIN(G:G)) -> 0.016716547 | I336: 0.558 | J336: =(I336 - MIN(I:I))/(MAX(I:I) - MIN(I:I)) -> 0.31221719 | K336: 9042.0309 | L336: =(K336 - MIN(K:K))/(MAX(K:K) - MIN(K:K)) -> 0.60421355 | M336: 2.2222222 | N336: =IF(ISBLANK(M336), 0,(M336 - MIN(M:M))/(MAX(M:M) - MIN(M:M))) -> 0.78125 | O336: 0.5 | P336: =IF(ISBLANK(O336), 0,(O336 - MIN(O:O))/(MAX(O:O) - MIN(O:O))) -> 0.5 | Q336: =H336-J336-L336+N336+P336 -> 0.3815358 | R336: 335º
A337: 261500 | B337: 2615003 | C337: Taquaritinga do Norte | D337: PE | E337: Nordeste | F337: Não | G337: 25511 | H337: =(G337 - MIN(G:G))/(MAX(G:G) - MIN(G:G)) -> 0.12380488 | I337: 0.641 | J337: =(I337 - MIN(I:I))/(MAX(I:I) - MIN(I:I)) -> 0.5 | K337: 4546.1886 | L337: =(K337 - MIN(K:K))/(MAX(K:K) - MIN(K:K)) -> 0.29043951 | M337: 0.94444444 | N337: =IF(ISBLANK(M337), 0,(M337 - MIN(M:M))/(MAX(M:M) - MIN(M:M))) -> 0.421875 | O337: 0.625 | P337: =IF(ISBLANK(O337), 0,(O337 - MIN(O:O))/(MAX(O:O) - MIN(O:O))) -> 0.625 | Q337: =H337-J337-L337+N337+P337 -> 0.38024038 | R337: 336º
A338: 110030 | B338: 1100304 | C338: Vilhena | D338: RO | E338: Norte | F338: Não | G338: 109651 | H338: =(G338 - MIN(G:G))/(MAX(G:G) - MIN(G:G)) -> 0.54631322 | I338: 0.731 | J338: =(I338 - MIN(I:I))/(MAX(I:I) - MIN(I:I)) -> 0.70361991 | K338: 5896.3596 | L338: =(K338 - MIN(K:K))/(MAX(K:K) - MIN(K:K)) -> 0.3846707 | M338: 1.3888889 | N338: =IF(ISBLANK(M338), 0,(M338 - MIN(M:M))/(MAX(M:M) - MIN(M:M))) -> 0.546875 | O338: 0.375 | P338: =IF(ISBLANK(O338), 0,(O338 - MIN(O:O))/(MAX(O:O) - MIN(O:O))) -> 0.375 | Q338: =H338-J338-L338+N338+P338 -> 0.37989761 | R338: 337º
A339: 350380 | B339: 3503802 | C339: Artur Nogueira | D339: SP | E339: Sudeste | F339: Não | G339: 53467 | H339: =(G339 - MIN(G:G))/(MAX(G:G) - MIN(G:G)) -> 0.26418571 | I339: 0.749 | J339: =(I339 - MIN(I:I))/(MAX(I:I) - MIN(I:I)) -> 0.74434389 | K339: 5762.1882 | L339: =(K339 - MIN(K:K))/(MAX(K:K) - MIN(K:K)) -> 0.37530661 | M339: 2.0555556 | N339: =IF(ISBLANK(M339), 0,(M339 - MIN(M:M))/(MAX(M:M) - MIN(M:M))) -> 0.734375 | O339: 0.5 | P339: =IF(ISBLANK(O339), 0,(O339 - MIN(O:O))/(MAX(O:O) - MIN(O:O))) -> 0.5 | Q339: =H339-J339-L339+N339+P339 -> 0.37891021 | R339: 338º
A340: 290730 | B340: 2907301 | C340: Castro Alves | D340: BA | E340: Nordeste | F340: Não | G340: 25470 | H340: =(G340 - MIN(G:G))/(MAX(G:G) - MIN(G:G)) -> 0.123599 | I340: 0.613 | J340: =(I340 - MIN(I:I))/(MAX(I:I) - MIN(I:I)) -> 0.43665158 | K340: 6162.1748 | L340: =(K340 - MIN(K:K))/(MAX(K:K) - MIN(K:K)) -> 0.4032225 | M340: 1.5555556 | N340: =IF(ISBLANK(M340), 0,(M340 - MIN(M:M))/(MAX(M:M) - MIN(M:M))) -> 0.59375 | O340: 0.5 | P340: =IF(ISBLANK(O340), 0,(O340 - MIN(O:O))/(MAX(O:O) - MIN(O:O))) -> 0.5 | Q340: =H340-J340-L340+N340+P340 -> 0.37747492 | R340: 339º
A341: 320300 | B341: 3203007 | C341: Iúna | D341: ES | E341: Sudeste | F341: Não | G341: 30556 | H341: =(G341 - MIN(G:G))/(MAX(G:G) - MIN(G:G)) -> 0.14913831 | I341: 0.666 | J341: =(I341 - MIN(I:I))/(MAX(I:I) - MIN(I:I)) -> 0.55656109 | K341: 4627.3178 | L341: =(K341 - MIN(K:K))/(MAX(K:K) - MIN(K:K)) -> 0.29610168 | M341: 1.5 | N341: =IF(ISBLANK(M341), 0,(M341 - MIN(M:M))/(MAX(M:M) - MIN(M:M))) -> 0.578125 | O341: 0.5 | P341: =IF(ISBLANK(O341), 0,(O341 - MIN(O:O))/(MAX(O:O) - MIN(O:O))) -> 0.5 | Q341: =H341-J341-L341+N341+P341 -> 0.37460054 | R341: 340º
A342: 230630 | B342: 2306306 | C342: Itapajé | D342: CE | E342: Nordeste | F342: Não | G342: 49073 | H342: =(G342 - MIN(G:G))/(MAX(G:G) - MIN(G:G)) -> 0.24212128 | I342: 0.623 | J342: =(I342 - MIN(I:I))/(MAX(I:I) - MIN(I:I)) -> 0.45927602 | K342: 4891.3668 | L342: =(K342 - MIN(K:K))/(MAX(K:K) - MIN(K:K)) -> 0.3145302 | M342: 1.7777778 | N342: =IF(ISBLANK(M342), 0,(M342 - MIN(M:M))/(MAX(M:M) - MIN(M:M))) -> 0.65625 | O342: 0.25 | P342: =IF(ISBLANK(O342), 0,(O342 - MIN(O:O))/(MAX(O:O) - MIN(O:O))) -> 0.25 | Q342: =H342-J342-L342+N342+P342 -> 0.37456506 | R342: 341º
A343: 220120 | B343: 2201200 | C343: Barras | D343: PI | E343: Nordeste | F343: Não | G343: 49703 | H343: =(G343 - MIN(G:G))/(MAX(G:G) - MIN(G:G)) -> 0.24528482 | I343: 0.595 | J343: =(I343 - MIN(I:I))/(MAX(I:I) - MIN(I:I)) -> 0.3959276 | K343: 4981.0371 | L343: =(K343 - MIN(K:K))/(MAX(K:K) - MIN(K:K)) -> 0.32078848 | M343: 1.5555556 | N343: =IF(ISBLANK(M343), 0,(M343 - MIN(M:M))/(MAX(M:M) - MIN(M:M))) -> 0.59375 | O343: 0.25 | P343: =IF(ISBLANK(O343), 0,(O343 - MIN(O:O))/(MAX(O:O) - MIN(O:O))) -> 0.25 | Q343: =H343-J343-L343+N343+P343 -> 0.37231874 | R343: 342º
A344: 310110 | B344: 3101102 | C344: Aimorés | D344: MG | E344: Sudeste | F344: Não | G344: 26212 | H344: =(G344 - MIN(G:G))/(MAX(G:G) - MIN(G:G)) -> 0.12732495 | I344: 0.684 | J344: =(I344 - MIN(I:I))/(MAX(I:I) - MIN(I:I)) -> 0.59728507 | K344: 4894.8599 | L344: =(K344 - MIN(K:K))/(MAX(K:K) - MIN(K:K)) -> 0.31477399 | M344: 2.2222222 | N344: =IF(ISBLANK(M344), 0,(M344 - MIN(M:M))/(MAX(M:M) - MIN(M:M))) -> 0.78125 | O344: 0.375 | P344: =IF(ISBLANK(O344), 0,(O344 - MIN(O:O))/(MAX(O:O) - MIN(O:O))) -> 0.375 | Q344: =H344-J344-L344+N344+P344 -> 0.37151589 | R344: 343º
A345: 430930 | B345: 4309308 | C345: Guaíba | D345: RS | E345: Sul | F345: Não | G345: 95946 | H345: =(G345 - MIN(G:G))/(MAX(G:G) - MIN(G:G)) -> 0.47749367 | I345: 0.73 | J345: =(I345 - MIN(I:I))/(MAX(I:I) - MIN(I:I)) -> 0.70135747 | K345: 7434.0255 | L345: =(K345 - MIN(K:K))/(MAX(K:K) - MIN(K:K)) -> 0.49198756 | M345: 1.5277778 | N345: =IF(ISBLANK(M345), 0,(M345 - MIN(M:M))/(MAX(M:M) - MIN(M:M))) -> 0.5859375 | O345: 0.5 | P345: =IF(ISBLANK(O345), 0,(O345 - MIN(O:O))/(MAX(O:O) - MIN(O:O))) -> 0.5 | Q345: =H345-J345-L345+N345+P345 -> 0.37008615 | R345: 344º
A346: 352400 | B346: 3524006 | C346: Itupeva | D346: SP | E346: Sudeste | F346: Não | G346: 74994 | H346: =(G346 - MIN(G:G))/(MAX(G:G) - MIN(G:G)) -> 0.37228337 | I346: 0.762 | J346: =(I346 - MIN(I:I))/(MAX(I:I) - MIN(I:I)) -> 0.77375566 | K346: 8375.1588 | L346: =(K346 - MIN(K:K))/(MAX(K:K) - MIN(K:K)) -> 0.55767118 | M346: 1.9444444 | N346: =IF(ISBLANK(M346), 0,(M346 - MIN(M:M))/(MAX(M:M) - MIN(M:M))) -> 0.703125 | O346: 0.625 | P346: =IF(ISBLANK(O346), 0,(O346 - MIN(O:O))/(MAX(O:O) - MIN(O:O))) -> 0.625 | Q346: =H346-J346-L346+N346+P346 -> 0.36898154 | R346: 345º
... A380: 351830 | B380: 3518305 | C380: Guararema | D380: SP | E380: Sudeste | F380: Não | G380: 32620 | H380: =(G380 - MIN(G:G))/(MAX(G:G) - MIN(G:G)) -> 0.15950267 | I380: 0.731 | J380: =(I380 - MIN(I:I))/(MAX(I:I) - MIN(I:I)) -> 0.70361991 | K380: 12047.014 | L380: =(K380 - MIN(K:K))/(MAX(K:K) - MIN(K:K)) -> 0.81393745 | M380: 2.2777778 | N380: =IF(ISBLANK(M380), 0,(M380 - MIN(M:M))/(MAX(M:M) - MIN(M:M))) -> 0.796875 | O380: 0.875 | P380: =IF(ISBLANK(O380), 0,(O380 - MIN(O:O))/(MAX(O:O) - MIN(O:O))) -> 0.875 | Q380: =H380-J380-L380+N380+P380 -> 0.31382031 | R380: 379º
A381: 241200 | B381: 2412005 | C381: São Gonçalo do Amarante | D381: RN | E381: Nordeste | F381: Não | G381: 124495 | H381: =(G381 - MIN(G:G))/(MAX(G:G) - MIN(G:G)) -> 0.62085225 | I381: 0.661 | J381: =(I381 - MIN(I:I))/(MAX(I:I) - MIN(I:I)) -> 0.54524887 | K381: 4154.8695 | L381: =(K381 - MIN(K:K))/(MAX(K:K) - MIN(K:K)) -> 0.26312855 | N381: =IF(ISBLANK(M381), 0,(M381 - MIN(M:M))/(MAX(M:M) - MIN(M:M))) -> 0 | O381: 0.5 | P381: =IF(ISBLANK(O381), 0,(O381 - MIN(O:O))/(MAX(O:O) - MIN(O:O))) -> 0.5 | Q381: =H381-J381-L381+N381+P381 -> 0.31247483 | R381: 380º
A382: 420290 | B382: 4202909 | C382: Brusque | D382: SC | E382: Sul | F382: Não | G382: 155307 | H382: =(G382 - MIN(G:G))/(MAX(G:G) - MIN(G:G)) -> 0.77557446 | I382: 0.795 | J382: =(I382 - MIN(I:I))/(MAX(I:I) - MIN(I:I)) -> 0.84841629 | K382: 6289.9666 | L382: =(K382 - MIN(K:K))/(MAX(K:K) - MIN(K:K)) -> 0.41214135 | M382: 1.8333333 | N382: =IF(ISBLANK(M382), 0,(M382 - MIN(M:M))/(MAX(M:M) - MIN(M:M))) -> 0.671875 | O382: 0.125 | P382: =IF(ISBLANK(O382), 0,(O382 - MIN(O:O))/(MAX(O:O) - MIN(O:O))) -> 0.125 | Q382: =H382-J382-L382+N382+P382 -> 0.31189182 | R382: 381º
A383: 311330 | B383: 3113305 | C383: Carangola | D383: MG | E383: Sudeste | F383: Não | G383: 32134 | H383: =(G383 - MIN(G:G))/(MAX(G:G) - MIN(G:G)) -> 0.15706223 | I383: 0.695 | J383: =(I383 - MIN(I:I))/(MAX(I:I) - MIN(I:I)) -> 0.62217195 | K383: 5611.3161 | L383: =(K383 - MIN(K:K))/(MAX(K:K) - MIN(K:K)) -> 0.36477694 | M383: 1.7222222 | N383: =IF(ISBLANK(M383), 0,(M383 - MIN(M:M))/(MAX(M:M) - MIN(M:M))) -> 0.640625 | O383: 0.5 | P383: =IF(ISBLANK(O383), 0,(O383 - MIN(O:O))/(MAX(O:O) - MIN(O:O))) -> 0.5 | Q383: =H383-J383-L383+N383+P383 -> 0.31073834 | R383: 382º
A384: 240810 | B384: 2408102 | C384: Natal | D384: RN | E384: Nordeste | F384: Sim | G384: 200000 | H384: =(G384 - MIN(G:G))/(MAX(G:G) - MIN(G:G)) -> 1 | I384: 0.763 | J384: =(I384 - MIN(I:I))/(MAX(I:I) - MIN(I:I)) -> 0.7760181 | K384: 14712.97 | L384: =(K384 - MIN(K:K))/(MAX(K:K) - MIN(K:K)) -> 1 | M384: 1.5277778 | N384: =IF(ISBLANK(M384), 0,(M384 - MIN(M:M))/(MAX(M:M) - MIN(M:M))) -> 0.5859375 | O384: 0.5 | P384: =IF(ISBLANK(O384), 0,(O384 - MIN(O:O))/(MAX(O:O) - MIN(O:O))) -> 0.5 | Q384: =H384-J384-L384+N384+P384 -> 0.3099194 | R384: 383º
A385: 352680 | B385: 3526803 | C385: Lençóis Paulista | D385: SP | E385: Sudeste | F385: Não | G385: 68568 | H385: =(G385 - MIN(G:G))/(MAX(G:G) - MIN(G:G)) -> 0.34001527 | I385: 0.764 | J385: =(I385 - MIN(I:I))/(MAX(I:I) - MIN(I:I)) -> 0.77828054 | K385: 8722.44 | L385: =(K385 - MIN(K:K))/(MAX(K:K) - MIN(K:K)) -> 0.58190864 | M385: 1.9444444 | N385: =IF(ISBLANK(M385), 0,(M385 - MIN(M:M))/(MAX(M:M) - MIN(M:M))) -> 0.703125 | O385: 0.625 | P385: =IF(ISBLANK(O385), 0,(O385 - MIN(O:O))/(MAX(O:O) - MIN(O:O))) -> 0.625 | Q385: =H385-J385-L385+N385+P385 -> 0.30795108 | R385: 384º
...

Sheet Outliers - pontos de corte
B1: População Estimada 2025 - IBGE | D1: IDHM | F1: Receita Correnta Bruta
B2: Primeiro quartil | D2: Primeiro quartil | F2: Primeiro quartil
B3: =_xlfn.QUARTILE.INC('Dados Brutos'!G2:G5572,1) -> 5348.5 | D3: =_xlfn.QUARTILE.INC('Dados Brutos'!I2:I5572,1) -> 0.599 | F3: =_xlfn.QUARTILE.INC('Dados Brutos'!K2:K5572,1) -> 5757.7991
B4: Terceiro quartil | D4: Terceiro quartil | F4: Terceiro quartil
B5: =_xlfn.QUARTILE.INC('Dados Brutos'!G2:G5572,3) -> 25299 | D5: =_xlfn.QUARTILE.INC('Dados Brutos'!I2:I5572,3) -> 0.718 | F5: =_xlfn.QUARTILE.INC('Dados Brutos'!K2:K5572,3) -> 9339.8693
B6: Intervalo interquartil | D6: Intervalo interquartil | F6: Intervalo interquartil
B7: =B5-B3 -> 19950.5 | D7: =D5-D3 -> 0.119 | F7: =F5-F3 -> 3582.0702
B8: Outlier inferior | D8: Outlier inferior | F8: Outlier inferior
B9: =B3-(1.5*B7) -> -24577.25 | D9: =D3-(1.5*D7) -> 0.4205 | F9: =F3-(1.5*F7) -> 384.69378
B10: Outlier superior | D10: Outlier superior | F10: Outlier superior
B11: =B5+(1.5*B7) -> 55224.75 | D11: =D5+(1.5*D7) -> 0.8965 | F11: =F5+(1.5*F7) -> 14712.975
B13: Considerou-se muito baixo o critério de outlier ser acima de 55 mil. Por este motivo, foi utilizado o critério de 200 mil habitantes como teto máximo de pontuação | D13: Nenhum município se encaixou como outlier (superior) para esse critério. E apenas Melgaço (PA) se encaixou como outlier (inferior) e foi arredondado para 0,42. Portanto, não foi necessário colocar nenhum teto de pontuação. | F13: Outliers: valores menores que 384,69 e maiores que 14.712,97

Sheet Notas
A1: Notas:
A2: População: estimativas de população realizadas pelo IBGE para o ano de 2025. Última atualização: 13/01/2026
A4: IDHM: foram utilizados os dados disponíveis do Atlas Brasil (PNUD). Para os municípios que não existiam em 2010, utilizou-se a média do IDHM das cidades-mãe de cada município. Data de extração: 05/03/2026
A5: 1. Balneário Rincão (SC): emancipado de Içara (SC);
A6: 2.Pescaria Brava (SC): emancipado de Laguna (SC);
A7: 3.Mojuí dos Campos (PA): emancipado de Santarém (PA);
A8: 4.Paraíso das Águas (MS): emancipado de Costa Rica (MS), Água Clara (MS) e Chapadão do Sul (MS);
A9: 5.Pinto Bandeira (RS): emancipado de Bento Gonçalves (RS);
A10: 6.Boa Esperança do Norte (MT): emancipado de Sorriso (MT) e Nova Ubiratã (MT).
A12: Receita Correnta Bruta 2024: os dados foram extraídos do Siconfi do Tesouro Nacional no dia 05/03/2026. Optou-se por utilizar os dados de 2024, uma vez que os de 2025 ainda estavam com baixo preenchimento (somente 560 municípios).
A13: *O valor da Receita Corrente Bruta de Brasília/DF foi obtido a partir dos dados distritais, dada a sua natureza político-jurídica.
A15: Índice de Vulnerabilidade Institucional dos Conselhos: calculado a partir das informações da MUNIC/ESTADIC 2023, de acordo com a metodologia de cálculo estabelecida na Resolução nº 2 de 19 de junho de 2024.
... A19: *Após a normalização, atribuiu-se nota 0 aos municípios sem conselhos ativos para que não ficassem sem nota no ranking final (218 municípios nesta situação).
